 Dungeon Crawl Stone Soup version 0.30-a0-743-gbfdf073431 (webtiles) character file.

Game seed: 3096432952548808051

11751533 iguanaiguana the Toy (level 27, 217/248 HPs)
             Began as a Djinni Chaos Knight on Feb 4, 2023.
             Was a Favourite Plaything of Xom.
             Escaped with the Orb
             ... and 15 runes on Feb 6, 2023!
             The game lasted 06:46:06 (137475 turns).

iguanaiguana the Toy (Djinni Chaos Knight)        Turns: 137475, Time: 06:46:07

Health: 217/248    AC: 22    Str: 19      XL:     27
Gold:   10678      EV: 26    Int: 41      God:    Xom [.*....] SH: 31 Dex: 20 (26)

rFire   + + +      SeeInvis +    a - staff of earth
rCold   + + .      Faith    .    E - +8 tower shield {rC+}
rNeg    + + .      Spirit   .    R - +5 troll leather armour "Vounesk" {+Blink Regen+ rCorr Dex+5}
rPois   ∞          Reflect  .    c - +2 hat {Int+3}
rElec   .          Harm     .    J - scarf {rC+ rF+}
rCorr   +          Rampage  +    P - +1 pair of gloves of Ditack {Rampage +Inv rC+ Will-}
Will    ++++.      Clarity  +    (boots unavailable)
Stlth   ++                       s - amulet "Obolumu" {Will++ Regen+}
HPRegen 2.21/turn                N - ring of the Healing Scavenger {*Corrode rN++ Str+4 Int+6}
MPRegen 0.00/turn                V - ring "Ges Agya" {Will+ Str+2 Int+6}

@: flying, studying 4 skills
A: sickness immunity, fire resistance 2, cold vulnerability 1, float, innate
caster, HP casting, extra vitality 1, claws 2, fangs 1, horns 2, iridescent
scales 3, thin skeletal structure 1, see invisible, agile 1, clarity, clever 1,
deterioration 1, robust 1, shaggy fur 1, strong 1, wild magic 3, MP-powered
wands
0: Orb of Zot
}: 15/15 runes: decaying, slimy, silver, golden, iron, obsidian, icy, bone,
abyssal, demonic, glowing, magical, fiery, dark, gossamer
a: Renounce Religion, Evoke Blink, Evoke Invisibility


You escaped.
You worshipped Xom.
You were a plaything of Xom.
You visited 17 branches of the dungeon, and saw 86 of its levels.
You visited Pandemonium 3 times, and saw 14 of its levels.
You visited the Abyss 4 times.
You visited 1 ziggurat, and saw 13 of its levels.
You also visited: Gauntlet and Ice Cave.

You collected 14524 gold pieces.
You spent 3846 gold pieces at shops.

Inventory:

Hand Weapons
 b - a +8 vampiric quick blade
Missiles
 M - 13 curare-tipped darts
 T - 4 silver javelins
 Y - 4 throwing nets
Armour
 c - a +2 hat of intelligence (worn)
 E - a +8 tower shield of cold resistance (worn)
 J - a scarf of resistance (worn)
 P - the +1 pair of gloves of Ditack (worn) {Rampage +Inv rC+ Will-}
   (You found it in a Gauntlet)

   rC:        It protects you from cold.
   +Inv:      It lets you turn invisible.
   Rampage:   It bestows one free step when moving towards enemies.
   Will:      It decreases your willpower.
 R - the +5 troll leather armour "Vounesk" (worn) {+Blink Regen+ rCorr Dex+5}
   (You found it in a Gauntlet)

   Dex:       It affects your dexterity (+5).
   +Blink:    It lets you blink.
   Regen:     It increases your rate of health regeneration.
   rCorr:     It protects you from acid and corrosion.
Magical Staves
 a - a staff of earth (weapon)
Jewellery
 g - the ring of Seabb {+Blink Will+}
   (You found it on level 3 of the Tomb of the Ancients)

   [ring of willpower]

   +Blink:    It lets you blink.
   Will:      It increases your willpower.
 l - the ring "Pit Keja" {Fly rF+ rC+ rCorr}
   (You took it off a deep elf death mage on level 3 of the Elven Halls)

   [ring of flight]

   rF:        It protects you from fire.
   rC:        It protects you from cold.
   Fly:       It grants you flight.
   rCorr:     It protects you from acid and corrosion.
 s - the amulet "Obolumu" (around neck) {Will++ Regen+}
   (Xom gifted it to you on level 13 of the Dungeon)

   [amulet of regeneration]

   Regen:     It increases your rate of health regeneration.
   Will:      It greatly increases your willpower.
 B - the ring of the Hare {EV+10}
   (You found it on level 3 of the Elven Halls)

   [ring of evasion]

   EV:        It affects your evasion (+10).
 F - a ring of see invisible
 N - the ring of the Healing Scavenger (left hand) {*Corrode rN++ Str+4 Int+6}
   (You acquired it on level 2 of the Swamp)

   [ring of intelligence]

   Str:       It affects your strength (+4).
   Int:       It affects your intelligence (+6).
   rN:        It greatly protects you from negative energy.
   *Corrode:  It may corrode you when you take damage.
 V - the ring "Ges Agya" (right hand) {Will+ Str+2 Int+6}
   (You found it on level 5 of the Vaults)

   [ring of intelligence]

   Str:       It affects your strength (+2).
   Int:       It affects your intelligence (+6).
   Will:      It increases your willpower.
Wands
 m - a wand of iceblast (66) {@v2}
 v - a wand of light (10)
 G - a wand of charming (53)
 S - a wand of digging (25) {@v3}
 Z - a wand of mindburst (3)
Scrolls
 d - 9 scrolls of blinking {@r4}
 j - 18 scrolls of poison
 p - 6 scrolls of enchant armour
 t - 5 scrolls of silence
 w - 26 scrolls of teleportation {@r3}
 x - 9 scrolls of vulnerability
 y - 12 scrolls of fog
 H - 17 scrolls of immolation
 I - 6 scrolls of summoning
 U - 5 scrolls of torment
 W - 11 scrolls of fear
Potions
 e - 19 potions of heal wounds {@q2}
 f - 8 potions of ambrosia
 i - 3 potions of cancellation
 n - 17 potions of might {@q3}
 o - 3 potions of mutation
 r - a potion of haste {@q4}
 z - 3 potions of resistance {@q5}
 A - 3 potions of brilliance
 D - 4 potions of berserk rage
 K - 29 potions of curing {@q1}
 X - 13 potions of lignification
Miscellaneous
 h - the horn of Geryon
 k - a phantom mirror
 q - a condenser vane
 u - a box of beasts
 C - a phial of floods
 L - a figurine of a ziggurat
 O - a tin of tremorstones (2/2)
 Q - a lightning rod (4/4)


   Skills:
 + Level 26.6 Fighting
 - Level 8.7(8.9) Short Blades
 - Level 2.6(6.1) Long Blades
 - Level 9.9 Armour
 - Level 21.0 Dodging
 - Level 12.7 Stealth
 - Level 20.0 Shields
 O Level 27 Spellcasting
 O Level 27 Invocations
 - Level 18.0 Evocations


You had 9 spell levels left.
You knew the following spells:

 Your Spells              Type           Power      Damage    Failure   Level
a - Irradiate             Conj/Tmut      88%        3d41      1%          5
b - Summon Horrible Thin  Summ           88%        N/A       1%          8
c - Lehudib's Crystal Sp  Conj/Erth      100%       10d22     1%          8
d - Spellforged Servitor  Conj/Summ      88%        N/A       1%          7
e - Shatter               Erth           100%       3d71*     7%          9
f - Iron Shot             Conj/Erth      100%       9d18      1%          6
g - Call Imp              Summ           100%       N/A       1%          2
h - Vhi's Electric Charg  Tloc/Air       100%       N/A       1%          3
i - Vampiric Draining     Necr           100%       2d13      1%          3
j - Statue Form           Tmut/Erth      100%       N/A       1%          6
k - Disjunction           Tloc           88%        N/A       1%          8
l - Fireball              Conj/Fire      88%        3d32      1%          5
m - Slow                  Hex            100%       N/A       1%          1
Your spell library was empty.

Dungeon Overview and Level Annotations

Branches:
Dungeon (15/15)            Temple (0/1) D:7            Lair (5/5) D:10
  Swamp (4/4) Lair:2       Spider (4/4) Lair:3        Slime (5/5) Lair:5
    Orc (2/2) D:10            Elf (3/3) Orc:2        Vaults (5/5) D:13
  Crypt (3/3) Vaults:2       Tomb (3/3) Crypt:3      Depths (4/4) D:15
   Hell (visited)             Dis (7/7) Hell            Geh (7/7) Hell
    Coc (7/7) Hell            Tar (7/7) Hell            Zot (5/5) Depths:4
  IceCv (visited)         Gauntlet (visited)

Altars:
Dithmenos
Gozag
Nemelex Xobeh
Qazlal
Ru
Wu Jian
Xom
Yredelemnul
Zin

Shops:
D:3 (   D:7 ((   D:10 *   Orc:2 [=([   Elf:1 *   Elf:2 [   Vaults:3 [
Vaults:5 [   Depths:1 *   Depths:4 *[([*

Portals:
Hell: Depths:1 Depths:2 Depths:3 Depths:4
Abyss: Depths:3
Pandemonium: Depths:2
Trove: D:12 (give 5 potions of resistance)

Annotations:
Tomb:2 2 exclusions
Depths:2 Boris
Dis:1 1 exclusion
Dis:7 1 exclusion
Geh:3 1 exclusion
Geh:7 1 exclusion
Coc:2 exclusion: freezing wraith
Tar:1 exclusion: Tzitzimitl
Tar:2 exclusion: spectral thing
Tar:4 1 exclusion
Tar:7 1 exclusion
Zot:3 3 transporters
Zot:5 1 exclusion


Innate Abilities, Weirdness & Mutations

You are immune to sickness and miasma.
You are immune to poison.
Your flesh is very heat resistant. (rF++)
You are vulnerable to cold. (rC-)
You float through the air rather than walking.
You learn spells naturally, not from books.
Your magical power is your life essence.
You have superior vitality. (+4 MHP)
You have very sharp fingernails.
You have very sharp teeth.
You have a pair of horns on your head.
You are completely covered in iridescent scales. (AC +6)
You have a somewhat thin skeletal structure. (Dex +2, Stealth+)
You have supernaturally acute eyesight. (SInv)
You are agile. (Dex +4, Str/Int -1)
You possess an exceptional clarity of mind.
Your mind is acute. (Int +4, Str/Dex -1)
Your body sometimes deteriorates upon taking damage.
You are robust. (+10% HP)
You are covered in fur. (AC +1)
Your muscles are strong. (Str +4, Int/Dex -1)
Your spells are much harder to cast, but much more powerful.
You expend health (3 HP) to strengthen your wands.


Message History

The crystal spear hits the cacodemon!!!!
You kill the cacodemon!
Casting: Lehudib's Crystal Spear (mildly dangerous; 1% risk of failure)
Confirm with . or Enter, or press ? or * to list all spells.
You summon a servant imbued with your destructive magic!
Unknown command.
Casting: Spellforged Servitor (mildly dangerous; 1% risk of failure)
Confirm with . or Enter, or press ? or * to list all spells.
Aiming: Lehudib's Crystal Spear (mildly dangerous; 1% risk of failure)
Press: ? - help, Shift-Dir - straight line, f - angel
Aim: an angel, wielding a +1 whip of holy wrath and wearing a +0 robe (ally target, haloed, 76% to hit)
You feel a surge of power!
The crystal spear hits the angel!!!!
The angel is severely wounded.
The angel gestures.
The angel is healed somewhat.
Your spellforged servitor casts a spell at the angel.
The crystal spear hits the angel!!!!
The angel dies!
An efreet comes into view.
It is wielding a +4 scimitar of flaming.
Casting: Lehudib's Crystal Spear (mildly dangerous; 1% risk of failure)
Confirm with . or Enter, or press ? or * to list all spells.
You can't see any susceptible monsters within range! (Use Z to cast anyway.) Unknown command. a +1 whip of holy wrath; a +0 robe The efreet gestures at you.
The bolt of fire hits you. You resist. The efreet gestures at you.
The fireball explodes!
The fireball engulfs you. You resist. The efreet gestures at you.
The bolt of fire hits you. You resist.
There is a stone staircase leading up here.
Your spellforged servitor points at the efreet and mumbles some strange words.
The crystal spear hits the efreet!!
You fly upwards.
There is a stone staircase leading down here.
There is a large open door here.
There is a large open door here.
There is a large open door here.
There is a staircase leading out of the dungeon here.
You have escaped!

#.## #.........####.###
#.#
#................#####
#.#
#.........#.##.#......
#.#
#........#..##........
#.#
#......####....#..)...
#.###
#.....########.#.####.
##...###....##....##....#
#.
#....:..######.≈≈.###.###
#.
#.##.##.##.#@'.§§.'.'.#
#.
#.##.##.##.#.'§§≈§'.'.#
#.
#.##....##.###§§§§###.#
####.
#.####......##§§§.##.>#
#...#
#.#####.##.############
#.#.. #.......##.#######
#...# ##########.......#
#####.## #########
#....... #.###...


There were no monsters in sight!

Vanquished Creatures
  Cerebov (Pan)
  the Royal Jelly (Slime:5)
  Asmodeus (Geh:7)
  Ereshkigal (Tar:7)
  the Serpent of Hell (Dis:7)
  Mnoleg (Pan)
  Lom Lobon (Pan)
  7 dread liches
  Dispater (Dis:7)
  4 orbs of fire (Zot:5)
  9 ancient liches
  Mennas (Crypt:1)
  2 juggernauts (Dis:7)
  4 pandemonium lords
  34 royal mummies
  Sojobo (Vaults:5)
  Boris (Vaults:5)
  2 shard shrikes (Coc:4)
  Vv (Zot:1)
  4 Killer Klowns
  Bai Suzhen (Vaults:3)
  Frederick (Crypt:3)
  3 curse toes
  Saint Roka (Depths:1)
  Geryon (Hell)
  Xtahua (Vaults:2)
  15 caustic shrikes
  2 golden dragons
  3 profane servitors
  Jory (Vaults:5)
  2 electric golems (Zot:5)
  13 Brimstone Fiends
  9 bone dragons
  7 iron giants
  13 doom hounds
  4 Tzitzimimeh
  15 tentacled monstrosities
  11 Hell Sentinels
  20 Ice Fiends
  8 hellephants
  A spectral shard shrike (Tar:4)
  4 tainted leviathans (Tar:7)
  9 titans
  2 deep elf blademasters (Elf:3)
  18 Orb Guardians
  10 liches
  Asterion (Vaults:3)
  10 death cobs
  22 Executioners
  8 searing wretches
  4 tentacled starspawn
  4 quicksilver dragons
  13 ancient champions
  12 sphinxes
  12 acid blobs
  Kirke (Elf:1)
  15 storm dragons
  18 shadow dragons
  A thorn hunter (Swamp:2)
  9 tengu reavers
  A kraken (Abyss:3)
  Roxanne (Spider:2)
  6 azure jellies
  9 draconian monks
  7 emperor scorpions
  5 narguns
  4 revenants
  5 frost giants
  3 draconian knights
  12 fire giants
  6 demonspawn warmongers
  7 iron dragons
  5 rockslimes
  12 vault wardens
  6 deep elf sorcerers
  7 draconian scorchers
  A caustic shrike zombie (Tomb:2)
  8 ghost moths
  5 quicksilver elementals
  11 shard shrike simulacra
  4 curse skulls
  A spectral juggernaut (Tar:5)
  31 balrugs
  8 draconian stormcallers
  3 spectral caustic shrikes
  10 draconian shifters
  2 deep elf elementalists (Elf:3)
  5 ghouls
  2 orc warlords
  4 cacodemons
  11 very ugly things
  13 reapers
  A spriggan defender (Depths:2)
  A broodmother (Zig:12)
  11 quicksilver oozes
  11 draconian annihilators
  17 war gargoyles
  12 ironbound preservers
  6 demonspawn blood saints
  13 stone giants
  2 ironbound thunderhulks
  5 demonspawn corrupters
  15 green draconians
  19 black draconians
  5 lorocyprocas
  5 demonspawn black suns
  12 elemental wellsprings
  4 vampire knights
  11 deep elf demonologists
  13 deep elf annihilators
  4 eleionomae
  A minotaur (Gauntlet)
  7 spark wasps
  7 bennus (Tomb:2)
  15 purple draconians
  12 red draconians
  6 putrid mouths
  10 yellow draconians
  12 dire elephants
  9 bunyips
  7 white draconians
  15 iron golems
  17 wendigos
  2 eidola
  A starcursed mass (Zig:9)
  6 green deaths
  27 mummy priests
  14 ettins
  A quicksilver dragon zombie (Depths:1)
  A crystal guardian (Zig:11)
  The ghost of Bafrul the Nimble, a journeyman GnTm of Cheibriados (D:12)
  11 fire dragons
  11 jiangshi
  11 deep elf death magi
  5 deep elf high priests
  An entropy weaver (shapeshifter) (Vaults:5)
  33 vault guards
  7 entropy weavers
  A shambling mangrove (Swamp:3)
  Josephine (D:14)
  A great orb of eyes (shapeshifter) (Vaults:5)
  7 great orbs of eyes
  5 ice dragons
  7 blizzard demons
  9 yaktaur captains
  Fannar (D:10)
  A spectral spriggan (Tar:4)
  Erolcha (D:12)
  14 hydras
  9 salamander tyrants
  12 caustic shrike simulacra
  A catoblepas (Zot:4)
  5 hell beasts
  2 ogre magi
  4 spriggan skeletons
  6 boulder beetles
  7 rakshasas
  2 ghost crabs
  4 juggernaut simulacra (Coc:7)
  4 stokers
  A radroach (Spider:2)
  A jorogumo (Spider:2)
  20 dancing weapons
  6 ironbound frosthearts
  A radroach (shapeshifter) (D:15)
  7 centaur warriors
  26 death scarabs
  6 alligators
  2 two-headed ogres (D:11)
  A spectral stone giant (Tar:4)
  4 deep troll shamans
  4 death knights
  2 deep troll earth magi
  12 vampire magi
  Urug (D:13)
  32 hell hogs
  2 titan zombies
  5 tengu warriors
  A thrashing horror (Zig:9)
  3 orc high priests
  8 spriggan berserkers
  A death yak (Lair:3)
  18 deep elf knights
  16 hell knights
  18 soul eaters
  26 sun demons
  3 shock serpents (Pan)
  4 wretched stars
  A crystal echidna (Dis:7)
  6 pharaoh ants
  7 iron trolls
  2 salamander mystics (Depths:3)
  20 skeletal warriors
  5 sixfirhies
  20 shadow wraiths
  A fire crab (Elf:3)
  5 goliath frogs
  A golden dragon zombie (Depths:3)
  A death drake (shapeshifter) (Depths:1)
  49 deep trolls
  2 spriggan druids
  8 quicksilver dragon simulacra
  11 orb spiders
  A spatial maelstrom (Zig:6)
  An anaconda zombie (Hell)
  A glowing orange brain (D:15)
  A bunyip skeleton (Tomb:2)
  A death drake (Zot:2)
  5 flayed ghosts
  5 lindwurms
  3 swamp dragons
  2 obsidian statues
  24 large abominations
  A sphinx zombie (Crypt:2)
  A tengu zombie (Depths:3)
  11 deep elf archers
  11 shadow demons
  2 shadow dragon zombies
  3 spectral hydras (Swamp:4)
  A steelbarb worm (shapeshifter) (Vaults:5)
  A kraken simulacrum (Hell)
  14 bog bodies
  7 orc knights
  11 phantasmal warriors
  8 ironbound convokers
  31 deep elf pyromancers
  4 wizards
  14 spriggan simulacra
  4 steelbarb worms
  4 orc sorcerers
  An orange crystal statue (Zig:5)
  25 deep elf zephyrmancers
  6 necromancers
  20 wolf spiders
  A shadow dragon skeleton (Vaults:4)
  2 spectral ettins
  A spectral fire dragon (Tar:2)
  An iron dragon zombie (Tomb:2)
  3 manticores
  A salamander (shapeshifter) (Vaults:5)
  12 ugly things
  6 cyclopes
  23 moths of wrath
  A spectral ice dragon (Tar:2)
  An iron dragon skeleton (Depths:3)
  12 elephants
  2 fauns (shapeshifter)
  5 salamanders
  5 will-o-the-wisps
  A centaur zombie (Tomb:3)
  A frost giant skeleton (Vaults:4)
  A stone giant skeleton (Pan)
  13 demonic crawlers
  45 smoke demons
  7 black mambas
  8 rust devils
  Joseph (D:8)
  5 titan simulacra
  2 dire elephant zombies
  13 molten gargoyles
  5 orange demons
  9 torpor snails
  12 cane toads
  A death yak zombie (Crypt:3)
  6 vault sentinels
  3 ice statues (Zig:5)
  An apocalypse crab (Zig:9)
  3 gargoyles
  2 unseen horrors
  Maggie (D:10)
  4 kobold demonologists (D:12)
  A dire elephant skeleton (Pan)
  An efreet (Pan)
  6 swamp worm zombies (Swamp:4)
  13 yaktaurs
  4 rime drakes
  14 ice devils
  A green draconian zombie (Crypt:1)
  22 hellions
  A pale draconian zombie (Crypt:3)
  A yellow draconian zombie (Crypt:3)
  3 tengu conjurers
  2 anaconda simulacra
  A komodo dragon (shapeshifter) (Depths:4)
  9 freezing wraiths
  A sea snake zombie (Hell)
  A pale draconian skeleton (Crypt:1)
  20 tormentors
  A sea snake skeleton (Crypt:3)
  5 iron giant simulacra
  19 komodo dragons
  A red devil (Depths:2)
  A harpy zombie (Tomb:1)
  An ancient zyme (Zig:6)
  A green draconian skeleton (Crypt:1)
  68 guardian mummies
  11 trolls
  A silent spectre (Tar:6)
  7 hydra zombies
  7 polar bears
  3 meliai (Spider:3)
  3 spectral harpies
  20 hornets
  3 golden dragon simulacra
  10 hellwings
  A shadow dragon simulacrum (Coc:2)
  A bloated husk (Swamp:1)
  2 harpy skeletons
  3 tyrant leeches
  2 hydra skeletons
  12 blink frogs
  A raiju (Gauntlet)
  3 ettin zombies
  17 tarantellas
  4 alligator zombies
  19 jumping spiders
  4 spectral swamp dragons (Swamp:4)
  An ice dragon zombie (Tomb:1)
  14 flying skulls
  60 slime creatures
  12 ynoxinuls
  Sigmund (D:2)
  An ettin skeleton (Pan)
  2 air elementals (Elf:3)
  2 stone giant simulacra
  9 spriggans
  18 culicivoras
  7 dire elephant simulacra
  3 naga simulacra
  A water elemental (Zig:3)
  13 wraiths
  A yak (shapeshifter) (D:15)
  2 shadows
  21 yaks
  8 wyverns
  3 fire bats
  30 ushabtiu
  2 fire elementals
  2 alligator snapping turtle simulacra
  5 steam dragons
  5 basilisks
  55 redbacks
  5 golden eyes
  6 hogs (Elf:1)
  7 minotaur simulacra (IceCv)
  A redback (shapeshifter) (Vaults:5)
  8 chaos spawn
  3 neqoxecs
  12 vampire mosquitoes
  A water nymph zombie (Crypt:2)
  9 harpy simulacra
  A naga zombie (Tomb:3)
  An acid dragon (D:11)
  16 water moccasins
  13 swamp worms
  Duvessa (D:4)
  8 wargs
  A faun skeleton (Crypt:3)
  6 hell hounds
  A faun zombie (Crypt:3)
  2 floating eyes (Zot:1)
  5 hydra simulacra
  An ice beast (D:6)
  A glowing shapeshifter skeleton (Crypt:3)
  2 swamp drakes
  2 black bears
  2 deep troll skeletons
  33 orc warriors
  9 ettin simulacra
  An alligator simulacrum (Hell)
  5 ogres
  4 swamp dragon zombies (Swamp:4)
  3 wolves (Lair:2)
  A boggart (Vaults:1)
  14 centaurs
  A tengu (D:3)
  A torpor snail zombie (Crypt:3)
  4 phantoms (Swamp:4)
  11 kobold brigands
  6 bullfrogs
  A human zombie (Vaults:4)
  2 gnoll sergeants (D:8)
  7 small abominations
  3 scorpions
  4 necrophages
  11 deep troll simulacra (IceCv)
  4 earth elementals
  2 spriggan zombies
  Dowan (D:4)
  11 killer bees
  3 lindwurm simulacra (IceCv)
  A troll zombie (Crypt:1)
  A yak zombie (Crypt:1)
  A nameless horror (Pan)
  3 electric eels
  A howler monkey (D:10)
  3 crimson imps (D:11)
  3 hounds
  5 lava snakes (Lair:5)
  21 orc priests
  A basilisk skeleton (Crypt:2)
  A boggart zombie (Crypt:2)
  21 orc wizards
  4 iguanas
  A spectral swamp drake (Swamp:4)
  Natasha (thrice) (D:4)
  A deep dwarf skeleton (Crypt:2)
  47 mummies
  9 gnolls
  5 adders
  2 white imps
  2 worms (D:2)
  A dart slug (D:3)
  72 orcs
  An orc (shapeshifter) (Vaults:5)
  3 endoplasms (D:1)
  2 giant cockroaches (D:2)
  A gnoll zombie (Crypt:1)
  4 goblins
  6 hobgoblins
  3 jackals (D:3)
  6 ball pythons
  4 bats
  4 frilled lizards
  A goblin zombie (Crypt:2)
  12 kobolds
  A kobold (shapeshifter) (Vaults:5)
  A kobold skeleton (Crypt:2)
  4 rats
  6 briar patches (Swamp:2)
  2 creeping infernos (Geh:7)
  2 fire vortices (Geh:7)
  3 starspawn tentacles (Zig:9)
3075 creatures vanquished.

Vanquished Creatures (collateral kills)
  Antaeus (Coc:7)
  Gloorx Vloq (Pan)
  A dread lich (Zot:1)
  3 orbs of fire (Zot:5)
  Mara (Depths:1)
  2 royal mummies
  Boris (twice) (Crypt:1 Depths:1)
  A shard shrike (Coc:4)
  2 Killer Klowns (Zot:5)
  2 caustic shrikes (Depths:4)
  2 golden dragons
  A profane servitor (Tar:4)
  2 Tzitzimimeh
  3 bone dragons
  3 Brimstone Fiends
  A doom hound (Tar:7)
  2 tentacled monstrosities
  4 hellephants (Geh:7)
  An iron giant (Dis:7)
  8 Ice Fiends
  2 Hell Sentinels (Dis:7)
  8 Orb Guardians (Zot:5)
  4 titans
  2 searing wretches (Geh:7)
  2 tainted leviathans
  2 deep elf master archers (Elf:3)
  9 acid blobs
  7 Executioners (Pan)
  3 ancient champions
  2 death cobs (Zot:2)
  3 sphinxes
  A tengu reaver (Vaults:5)
  2 storm dragons
  2 rockslimes
  3 azure jellies
  A draconian monk (Zot:4)
  2 narguns
  2 draconian knights
  A frost giant (Vaults:1)
  A vault warden (Vaults:3)
  3 fire giants
  12 cacodemons
  A quicksilver elemental (Zig:5)
  A draconian shifter (Zot:2)
  A curse skull (Crypt:2)
  2 deep elf sorcerers
  3 balrugs
  A ghoul (Crypt:1)
  A spectral caustic shrike (Tar:4)
  An angel (D:2)
  8 very ugly things (Pan)
  3 reapers
  3 war gargoyles
  4 quicksilver oozes
  4 ironbound preservers
  A vampire knight (Depths:2)
  2 black draconians
  A green draconian (Zot:3)
  An elemental wellspring (Coc:3)
  A bennu (Tomb:2)
  2 stone giants
  A white draconian (Zot:2)
  A putrid mouth (Tar:4)
  4 wendigos
  2 purple draconians
  2 deep elf annihilators (Elf:3)
  A red draconian (Depths:4)
  7 dire elephants
  2 demonspawn black suns (Pan)
  An iron golem (Dis:7)
  A spark wasp (Depths:3)
  3 blizzard demons
  2 mummy priests
  7 green deaths
  A deep elf high priest (Vaults:5)
  3 jiangshi (Crypt:1)
  2 deep elf death magi
  A spectral golden dragon (Tar:4)
  5 great orbs of eyes
  A fire dragon (Abyss:3)
  A spectral fenstrider witch (Tar:2)
  A fenstrider witch zombie (Tomb:1)
  6 vault guards
  2 caustic shrike simulacra
  5 salamander tyrants (Geh:7)
  A hell beast (Coc:3)
  A death knight (Crypt:1)
  2 ironbound frosthearts
  A stoker (Geh:7)
  12 dancing weapons
  A catoblepas (Vaults:5)
  A death scarab (Tomb:2)
  2 deep troll shamans
  2 tengu warriors (Depths:2)
  7 hell hogs
  A shock serpent (shapeshifter) (Vaults:5)
  A crystal echidna (Dis:7)
  8 soul eaters
  2 hell knights (Depths:2)
  13 sun demons
  9 sixfirhies (Pan)
  3 skeletal warriors
  An iron troll (Depths:2)
  2 shadow demons (Pan)
  A death drake (Zot:2)
  A flayed ghost (Crypt:3)
  7 deep trolls
  A shadow wraith (Depths:2)
  2 bog bodies
  A spectral anaconda (Tar:6)
  2 deep elf archers
  A tengu zombie (Depths:1)
  A swamp dragon (Swamp:1)
  2 wizards
  An ironbound convoker (Vaults:5)
  An orc knight (Vaults:5)
  2 phantasmal warriors
  A nameless horror (Depths:1)
  2 deep elf zephyrmancers
  A deep elf pyromancer (Elf:2)
  A necromancer (Depths:2)
  2 orc sorcerers
  4 shining eyes
  4 ugly things
  5 moths of wrath
  A naga mage (Zig:1)
  14 smoke demons
  A vault sentinel (Vaults:4)
  A guardian serpent (Zig:1)
  A titan simulacrum (Coc:6)
  A dire elephant zombie (Tomb:2)
  A water nymph (shapeshifter) (Vaults:5)
  An eye of devastation (Slime:4)
  4 molten gargoyles (Geh:7)
  3 demonic crawlers (Pan)
  15 orange demons (Pan)
  A rime drake (D:6)
  A tengu conjurer (Depths:4)
  2 tormentors
  An ice devil (Pan)
  2 yaktaurs
  4 freezing wraiths
  3 efreet (Pan)
  4 guardian mummies
  A red devil (Pan)
  A spectral naga (Tar:2)
  A harpy zombie (Tomb:2)
  9 hellwings
  A tyrant leech (Swamp:1)
  A harpy skeleton (Pan)
  An ettin zombie (Tomb:2)
  A stone giant simulacrum (Coc:3)
  22 slime creatures
  A great orb of eyes zombie (Crypt:2)
  8 ynoxinuls
  2 spriggans (Swamp:1)
  An orc simulacrum (Coc:1)
  A vampire (Abyss:3)
  2 wraiths
  A naga simulacrum (Coc:6)
  4 fire bats
  5 chaos spawn
  16 neqoxecs
  A golden eye (Slime:2)
  2 vampire mosquitoes (Swamp:1)
  A redback (Vaults:5)
  10 large abominations (Pan)
  2 harpy simulacra
  2 hydra simulacra
  2 ettin simulacra (Coc:6)
  4 orc warriors
  A wolf (Lair:2)
  2 ogres
  A phantom (D:5)
  2 orc priests (Orc:2)
  A sky beast zombie (Crypt:1)
  2 mummies (Tomb:2)
  4 orcs
  A bat skeleton (Crypt:2)
  A goblin (D:3)
  A kobold (Orc:2)
  7 fire vortices
520 creatures vanquished.

Vanquished Creatures (others)
  A doom hound (Tar:4)
  A green death (Pan)
  A fire dragon (Depths:4)
  6 caustic shrike simulacra
  A juggernaut simulacrum (Coc:7)
  3 dancing weapons
  An alligator (Swamp:3)
  A hell knight (Depths:2)
  2 soul eaters
  A spriggan simulacrum (Coc:7)
  A titan simulacrum (Coc:7)
  A golden dragon simulacrum (Coc:6)
  4 bloated husks
  A hellwing (Pan)
  A hornet (Spider:4)
  2 ynoxinuls
  A dire elephant simulacrum (Coc:7)
  A warg (Depths:1)
  2 orc warriors
  A large abomination (Pan)
  A phantom (Swamp:4)
  2 orcs (Vaults:5)
  2 briar patches (Swamp:2)
  A creeping inferno (Geh:5)
  22 foxfires
  47 fungi
  63 plants
  A starspawn tentacle (Zig:9)
172 creatures vanquished.

Grand Total: 3767 creatures vanquished

Notes
Turn   | Place    | Note
-------+----------+-------------------------------------------
     0 | D:1      | iguanaiguana the Djinni Chaos Knight began the quest for
                  | the Orb.
     0 | D:1      | Reached XP level 1. HP: 20/20 MP: 0/0
    33 | D:1      | XOM: noise
   181 | D:1      | XOM: divination: detect items
   184 | D:1      | Reached skill level 1 in Stealth
   204 | D:1      | Reached XP level 2. HP: 25/25 MP: 0/0
   571 | D:1      | XOM: smoke on damage
   640 | D:1      | XOM: god gift: 3 scrolls labelled LOTOTU DOR IVU {god gift}
   717 | D:1      | XOM: noise
   989 | D:2      | Reached XP level 3. HP: 19/30 MP: 0/0
   989 | D:2      | Learned a level 1 spell: Slow
  1210 | D:2      | Noticed Sigmund
  1251 | D:2      | Reached skill level 1 in Spellcasting
  1308 | D:2      | XOM: 7-stop teleportation journey
  1486 | D:2      | Reached XP level 4. HP: 29/35 MP: 0/0
  1704 | D:2      | XOM: give mutations
  1704 | D:2      | Gained mutation: Your skin changes colour to match your
                  | surroundings (Stealth+). [Xom's grace]
  1704 | D:2      | Gained mutation: You have a pair of small horns on your
                  | head. [Xom's grace]
  1776 | D:2      | Found a faded altar of an unknown god.
  1944 | D:3      | XOM: give mutation
  2137 | D:3      | Identified the +1 buckler of Resilience {rN+ rCorr}
  2336 | D:3      | Found Xikleczi's Weapon Boutique.
  2490 | D:3      | XOM: enchant monster (good)
  2491 | D:3      | XOM: cloud trail
  2624 | D:4      | Noticed Natasha
  2626 | D:4      | Killed Natasha
  2627 | D:4      | Reached skill level 1 in Shields
  2627 | D:4      | Reached XP level 5. HP: 40/40 MP: 0/0
  2627 | D:4      | Learned a level 2 spell: Call Imp
  2690 | D:4      | Noticed Natasha
  2695 | D:4      | Killed Natasha
  2740 | D:4      | Noticed Natasha
  2759 | D:4      | Killed Natasha
  2848 | D:4      | XOM: scenery: summon butterflies
  3113 | D:4      | Noticed Duvessa
  3113 | D:4      | Noticed Dowan
  3116 | D:4      | Killed Dowan
  3117 | D:4      | Reached XP level 6. HP: 46/46 MP: 0/0
  3121 | D:4      | XOM: butterfly on damage
  3124 | D:4      | Killed Duvessa
  3233 | D:4      | XOM: 3-stop teleportation journey
  3316 | D:4      | XOM: god gift: 36 gold pieces
  3432 | D:4      | XOM: 5-stop teleportation journey
  3532 | D:4      | XOM: scenery: create altars
  3731 | D:5      | Entered Level 5 of the Dungeon
  3734 | D:5      | Found a basalt altar of Yredelemnul.
  3741 | D:5      | Reached XP level 7. HP: 46/50 MP: 0/0
  3741 | D:5      | Learned a level 3 spell: Vampiric Draining
  3906 | D:5      | XOM: god gift: metallic silvery potion {god gift}
  4049 | D:5      | XOM: god gift: book of the Spheres
  4058 | D:5      | XOM: summons friendly ufetubus
  4576 | D:6      | XOM: fake destruction
  4584 | D:5      | XOM: swap monsters
  4587 | D:5      | Reached XP level 8. HP: 48/56 MP: 0/0
  4763 | D:6      | XOM: scenery: create altars
  4804 | D:6      | XOM: 4-stop teleportation journey
  4893 | D:6      | XOM: give mutations
  4893 | D:6      | Gained mutation: Armour fits poorly on your strangely
                  | shaped body. [Xom's mischief]
  4893 | D:6      | Gained mutation: You are weak. (Str -2) [Xom's mischief]
  4893 | D:6      | Gained mutation: Your body sometimes deteriorates upon
                  | taking damage. [Xom's mischief]
  4999 | D:6      | XOM: 3-stop teleportation journey
  5121 | D:6      | XOM: summons 5 hostile demons
  5169 | D:6      | XOM: noise
  5178 | D:6      | HP: 1/56 [shot self (14)]
  5186 | D:6      | an ogre changed into a rime drake
  5186 | D:6      | Noticed a rime drake
  5186 | D:6      | XOM: polymorph ogre -> rime drake
  5502 | D:6      | Reached XP level 9. HP: 58/60 MP: 0/0
  5502 | D:6      | Learned a level 3 spell: Vhi's Electric Charge
  5517 | D:7      | Reached skill level 5 in Spellcasting
  5595 | D:7      | Found Runtihau's Antique Weapon Boutique.
  5595 | D:7      | XOM: 1-stop teleportation journey
  5606 | D:6      | XOM: give mutations
  5606 | D:6      | Gained mutation: You passively map a small area around you.
                  | [Xom's mischief]
  5606 | D:6      | Gained mutation: Your body often deteriorates upon taking
                  | damage. [Xom's mischief]
  5639 | D:6      | XOM: confusion
  5648 | D:6      | XOM: enchant monster (bad)
  5861 | D:6      | Found a stormy altar of Qazlal.
  5920 | D:7      | Noticed a hornet
  5938 | D:7      | XOM: stat loss: -1 Str (8/9)
  5941 | D:7      | XOM: summons 3 hostile shadow creatures
  6347 | D:6      | XOM: god gift: box of beasts
  6547 | D:6      | XOM: give mutation
  6547 | D:6      | Gained mutation: You are clumsy. (Dex -2) [Xom's mischief]
  6673 | D:6      | XOM: stat loss: -1 Str (7/9)
  6731 | D:6      | XOM: torment (34/60 hp)
  7033 | D:6      | XOM: stat loss: -1 Dex (10/12)
  7419 | D:6      | XOM: summons 5 hostile demons
  8155 | D:6      | XOM: silly message
  8202 | D:6      | XOM: 1-stop teleportation journey
  8483 | D:6      | Killed a rime drake
  8510 | D:6      | Reached skill level 5 in Fighting
  8716 | D:6      | XOM: summons 5 hostile demons
  8717 | D:6      | Noticed an orange demon
  8949 | D:2      | Killed Sigmund
  9136 | D:6      | XOM: summons 2 hostile shadow creatures
  9246 | D:6      | XOM: scenery: create altars
  9466 | D:6      | XOM: cloud trail
 10192 | D:6      | XOM: noise
 10619 | D:6      | XOM: god gift: phial of floods
 10642 | D:6      | XOM is BORED!
 11461 | D:6      | XOM: god gift: wand of charming (5)
 11698 | D:6      | XOM: god gift: scroll labelled ADUTUT CEFO {god gift}
 11945 | D:6      | XOM: divination: detect items
 12032 | D:6      | XOM: god gift: +12 pair of quick blades "Gyre" and "Gimble"
                  | {protect}
 12033 | D:6      | Found the +12 pair of quick blades "Gyre" and "Gimble"
                  | {protect}
 12200 | D:6      | XOM: god gift: Xom's Papyrus of Flawed Execution {god gift}
 12448 | D:6      | XOM: god gift: 695 gold pieces
 12465 | D:6      | XOM: give mutations
 12465 | D:6      | Gained mutation: You are very weak. (Str -4) [Xom's
                  | mischief]
 12465 | D:6      | Lost mutation: Armour fits poorly on your strangely shaped
                  | body. [Xom's mischief]
 12465 | D:6      | Gained mutation: You are dopey. (Int -2) [Xom's mischief]
 12465 | D:6      | Gained mutation: Armour fits poorly on your strangely
                  | shaped body. [Xom's mischief]
 12581 | D:6      | XOM: give mutations
 12581 | D:6      | Gained mutation: You are partially covered in iridescent
                  | scales. (AC +2) [Xom's grace]
 12581 | D:6      | Gained mutation: You are strong-willed. (Will+) [Xom's
                  | grace]
 13025 | D:6      | XOM: give mutations
 13025 | D:6      | Gained mutation: You expend health (3 HP) to strengthen
                  | your wands. [Xom's grace]
 13025 | D:6      | Gained mutation: You are resistant to electric shocks.
                  | (rElec) [Xom's grace]
 13654 | D:6      | XOM: give mutations
 13654 | D:6      | Gained mutation: You occasionally lose the ability to drink
                  | potions when taking damage. [Xom's mischief]
 13654 | D:6      | Lost mutation: You are partially covered in iridescent
                  | scales. (AC +2) [Xom's mischief]
 13674 | D:6      | XOM: give mutation
 13674 | D:6      | Lost mutation: You have a pair of small horns on your head.
                  | [Xom's mischief]
 13698 | D:6      | XOM: give mutations
 13698 | D:6      | Lost mutation: You occasionally lose the ability to drink
                  | potions when taking damage. [Xom's mischief]
 13698 | D:6      | Lost mutation: Your body often deteriorates upon taking
                  | damage. [Xom's mischief]
 13698 | D:6      | Lost mutation: You are strong-willed. (Will+) [Xom's
                  | mischief]
 13698 | D:6      | Lost mutation: Armour fits poorly on your strangely shaped
                  | body. [Xom's mischief]
 14723 | D:6      | XOM: summons 5 hostile demons
 14724 | D:6      | Noticed a hellwing
 14739 | D:5      | XOM is BORED!
 14779 | D:5      | XOM: summons 3 hostile shadow creatures
 15059 | D:4      | XOM: summons 5 hostile demons
 15844 | D:3      | XOM: give mutation
 15844 | D:3      | Gained mutation: You are frail. (-10% HP) [Xom's mischief]
 15943 | D:3      | XOM: silly message
 15988 | D:3      | XOM: silly message
 16099 | D:3      | XOM: torment (31/59 hp)
 17431 | D:3      | XOM: give mutation
 17431 | D:3      | Gained mutation: Your body often deteriorates upon taking
                  | damage. [Xom's mischief]
 17693 | D:3      | XOM: give mutations
 17693 | D:3      | Gained mutation: You occasionally shout uncontrollably at
                  | your foes. [Xom's mischief]
 17693 | D:3      | Lost mutation: You are frail. (-10% HP) [Xom's mischief]
 17693 | D:3      | Lost mutation: You passively map a small area around you.
                  | [Xom's mischief]
 17693 | D:3      | Lost mutation: Your body often deteriorates upon taking
                  | damage. [Xom's mischief]
 17824 | D:3      | XOM: stat loss: -1 Dex (11/12)
 17855 | D:3      | XOM: summons 5 hostile demons
 18391 | D:2      | XOM: summons 5 hostile demons
 18565 | D:7      | Reached skill level 1 in Short Blades
 18761 | D:7      | Killed a hornet
 18807 | D:7      | Found an ornate altar of the Wu Jian Council.
 18847 | D:7      | Found a staircase to the Ecumenical Temple.
 18919 | D:7      | Found Anutt's Weapon Shop.
 19069 | D:7      | XOM: god gift: leather armour {god gift}
 19091 | D:7      | Reached XP level 10. HP: 72/72 MP: 0/0
 19122 | D:7      | XOM is BORED!
 19122 | D:7      | XOM: draining
 19204 | D:8      | Noticed Joseph
 19549 | D:7      | XOM: polymorph killer bee -> hound
 19553 | D:7      | XOM: polymorph hound -> gnoll
 19848 | D:8      | Reached skill level 5 in Short Blades
 19889 | D:8      | XOM: god gift: glowing mace {god gift}
 19937 | D:8      | XOM is BORED!
 19937 | D:8      | XOM: silly message
 19938 | D:8      | XOM: silly message
 19957 | D:8      | Killed Joseph
 20478 | D:8      | Identified the +4 quarterstaff "Moqug" {heavy, *Corrode
                  | Str+7}
 20664 | D:8      | XOM: swap monsters
 20752 | D:8      | XOM: summons 2 hostile shadow creatures
 21321 | D:9      | XOM: silly message
 21437 | D:9      | XOM: cast spell 'Dispersal'
 21604 | D:9      | Reached XP level 11. HP: 64/76 MP: 0/0
 21604 | D:9      | Learned a level 5 spell: Irradiate
 21689 | D:9      | XOM: swap monsters
 22082 | D:9      | XOM: give mutations
 22082 | D:9      | Lost mutation: You expend health (3 HP) to strengthen your
                  | wands. [Xom's mischief]
 22082 | D:9      | Gained mutation: You are very clumsy. (Dex -4) [Xom's
                  | mischief]
 22082 | D:9      | Lost mutation: You are very clumsy. (Dex -4) [Xom's
                  | mischief]
 22093 | D:10     | Entered Level 10 of the Dungeon
 22110 | D:9      | XOM: confusion (+ monsters)
 22114 | D:9      | XOM: noise
 22379 | D:10     | Found Waunnigu's Mayhem Merchandise.
 22440 | D:10     | XOM: divination: detect creatures
 22448 | D:10     | XOM: scenery: summon butterflies
 22690 | D:10     | Found a staircase to the Lair.
 22721 | D:10     | XOM is BORED!
 22721 | D:10     | XOM: summons 6 hostile demons
 22729 | D:10     | Found a sparkling altar of Nemelex Xobeh.
 22895 | D:10     | Found a staircase to the Orcish Mines.
 22929 | D:10     | Noticed Fannar
 22955 | D:10     | XOM: summons 2 friendly demons
 22973 | D:10     | Killed Fannar
 22973 | D:10     | XOM: stat loss: -1 Int (14/15)
 23052 | D:10     | Noticed Maggie
 23054 | D:10     | Killed Maggie
 23444 | D:11     | XOM: 3-stop teleportation journey
 23605 | D:11     | XOM: cleaving
 23682 | D:11     | Noticed a two-headed ogre
 23690 | D:11     | Killed a two-headed ogre
 23713 | D:11     | XOM: 2-stop teleportation journey
 23788 | D:11     | Noticed a two-headed ogre
 23790 | D:11     | XOM: 1-stop teleportation journey
 23795 | D:11     | Killed a two-headed ogre
 23861 | D:11     | Reached XP level 12. HP: 61/83 MP: 0/0
 24011 | D:11     | Found a shimmering altar of Xom.
 24078 | Lair:1   | Entered Level 1 of the Lair of Beasts
 24096 | Lair:1   | XOM: enchant monster (bad)
 24105 | Lair:1   | XOM: silly message
 24106 | Lair:1   | XOM: stat loss: -1 Dex (12/13)
 24117 | Lair:1   | XOM: give mutations
 24117 | Lair:1   | Lost mutation: You are clumsy. (Dex -2) [Xom's mischief]
 24117 | Lair:1   | Lost mutation: You occasionally shout uncontrollably at
                  | your foes. [Xom's mischief]
 24117 | Lair:1   | Gained mutation: Armour fits poorly on your strangely
                  | shaped body. [Xom's mischief]
 24117 | Lair:1   | Gained mutation: You are very dopey. (Int -4) [Xom's
                  | mischief]
 24123 | Lair:1   | Reached skill level 10 in Spellcasting
 25415 | D:10     | XOM: silly message
 26667 | D:10     | XOM: give mutations
 26667 | D:10     | Gained mutation: You have a pair of small antennae on your
                  | head. [Xom's mischief]
 26667 | D:10     | Gained mutation: You are clumsy. (Dex -2) [Xom's mischief]
 27301 | D:10     | XOM: torment (43/83 hp)
 27509 | D:10     | XOM: give mutations
 27509 | D:10     | Gained mutation: You are frail. (-10% HP) [Xom's mischief]
 27509 | D:10     | Gained mutation: You are very clumsy. (Dex -4) [Xom's
                  | mischief]
 27509 | D:10     | Lost mutation: You are very clumsy. (Dex -4) [Xom's
                  | mischief]
 27571 | D:10     | XOM: summons 1 hostile shadow creature
 27964 | D:10     | XOM: stat loss: -1 Str (5/7)
 29224 | D:10     | XOM is BORED!
 29224 | D:10     | XOM: summons 2 hostile shadow creatures
 29225 | D:10     | Noticed a boulder beetle
 29613 | D:9      | XOM: scenery: create altars
 29696 | D:9      | XOM: give mutation
 29696 | D:9      | Gained mutation: You have hidden genetic potential. [Xom's
                  | grace]
 30054 | D:9      | XOM: god gift: 2 potions of heal wounds
 30068 | D:9      | XOM: give mutation
 30068 | D:9      | Gained mutation: Your flesh is almost immune to the effects
                  | of heat. (rF+++) [Xom's grace]
 30621 | D:9      | XOM: give mutations
 30621 | D:9      | Gained mutation: You possess an exceptional clarity of
                  | mind. [Xom's grace]
 30621 | D:9      | Lost mutation: You have hidden genetic potential. [Xom's
                  | grace]
 30621 | D:9      | Gained mutation: You are somewhat resistant to further
                  | mutation. [Xom's grace]
 30621 | D:9      | Lost mutation: You are clumsy. (Dex -2) [Xom's grace]
 30621 | D:9      | Lost mutation: You are somewhat resistant to further
                  | mutation. [Xom's grace]
 30621 | D:9      | Gained mutation: You have hidden genetic potential. [Xom's
                  | grace]
 31310 | D:9      | XOM: god gift: scroll labelled SUJEHEYSUT {god gift}
 31583 | D:9      | XOM: god gift: book of Blood
 31675 | D:9      | XOM: god gift: ring of willpower
 32026 | D:9      | XOM: cloud trail
 32298 | D:9      | XOM: scenery: create altars
 32887 | D:9      | XOM: give mutations
 32887 | D:9      | Gained mutation: You are partially covered in large bone
                  | plates. (SH +4) [Xom's grace]
 32887 | D:9      | Gained mutation: You have sharp fingernails. [Xom's grace]
 32887 | D:9      | Lost mutation: You have hidden genetic potential. [Xom's
                  | grace]
 32887 | D:9      | Gained mutation: You are somewhat resistant to further
                  | mutation. [Xom's grace]
 32887 | D:9      | Gained mutation: You passively map a small area around you.
                  | [Xom's grace]
 33682 | D:9      | XOM: god gift: 52 gold pieces
 34263 | D:9      | XOM: give mutations
 34263 | D:9      | Gained mutation: You have a pair of antennae on your head.
                  | [Xom's grace]
 34263 | D:9      | Lost mutation: You are very weak. (Str -4) [Xom's grace]
 34263 | D:9      | Gained mutation: You are strong-willed. (Will+) [Xom's
                  | grace]
 34263 | D:9      | Lost mutation: You are very dopey. (Int -4) [Xom's grace]
 34977 | D:9      | XOM is BORED!
 35530 | D:9      | XOM: silly message
 35970 | D:9      | XOM: god gift: 3 stones
 36031 | D:9      | XOM: divination: magic mapping
 36514 | D:9      | XOM: summons 2 hostile shadow creatures
 36853 | D:8      | XOM is BORED!
 36853 | D:8      | XOM: give mutation
 36853 | D:8      | Lost mutation: You are frail. (-10% HP) [Xom's mischief]
 36941 | Lair:1   | Noticed a boulder beetle
 36941 | Lair:1   | XOM: 2-stop teleportation journey
 36956 | Lair:1   | XOM: divination: detect items
 36959 | Lair:1   | XOM: divination: detect items
 36976 | Lair:1   | Killed a boulder beetle
 37005 | Lair:1   | XOM: god gift: scroll of fear
 37183 | Lair:1   | XOM: enchant monster (good)
 37670 | Lair:2   | Found a gate leading to a gauntlet.
 37685 | Gauntlet | Entered a Gauntlet
 37685 | Gauntlet | Found a transporter.
 37685 | Gauntlet | Found a transporter.
 37689 | Gauntlet | Found a transporter.
 37691 | Gauntlet | Found a transporter.
 37693 | Gauntlet | Noticed a wretched star
 37695 | Gauntlet | Noticed a death yak
 37695 | Gauntlet | Noticed a death yak
 37699 | Gauntlet | Found a transporter.
 37699 | Gauntlet | Noticed a death yak
 37704 | Gauntlet | Noticed a death yak
 37707 | Gauntlet | Noticed a quicksilver ooze
 37709 | Gauntlet | Found a transporter.
 37709 | Gauntlet | Found a transporter.
 37733 | Gauntlet | Found a transporter.
 37740 | Gauntlet | Found a transporter.
 37752 | Gauntlet | Found a transporter.
 37784 | Gauntlet | Found a transporter.
 37788 | Gauntlet | Found a large runed translucent door.
 37823 | Gauntlet | Found a transporter.
 37825 | Gauntlet | Found a large runed translucent door.
 37825 | Gauntlet | Found a large runed translucent door.
 37826 | Gauntlet | Found a large runed translucent door.
 37826 | Gauntlet | Found a large runed translucent door.
 37827 | Gauntlet | Found a runed translucent door.
 37827 | Gauntlet | Found a large runed translucent door.
 37827 | Gauntlet | Found a runed translucent door.
 37827 | Gauntlet | Found a large runed translucent door.
 37827 | Gauntlet | Found a large runed translucent door.
 37828 | Gauntlet | Found a large runed translucent door.
 37828 | Gauntlet | Found a large runed translucent door.
 37831 | Gauntlet | Found a large runed translucent door.
 37831 | Gauntlet | Found a large runed translucent door.
 37833 | Gauntlet | Found a large runed translucent door.
 37833 | Gauntlet | Found a large runed translucent door.
 37833 | Gauntlet | Found a large runed translucent door.
 37835 | Gauntlet | Found a runed translucent gate.
 37835 | Gauntlet | Found a runed translucent gate.
 37835 | Gauntlet | Found a runed translucent gate.
 37837 | Gauntlet | Found a transporter.
 37837 | Gauntlet | Noticed a fire crab
 37848 | Gauntlet | Found a large runed translucent door.
 37928 | Gauntlet | Found a transporter.
 37937 | Gauntlet | Found a transporter.
 37939 | Gauntlet | Noticed a catoblepas
 37953 | Gauntlet | Found a transporter.
 37960 | Gauntlet | XOM: divination: detect creatures
 37979 | Gauntlet | XOM: god gift: sling {god gift}
 38029 | Gauntlet | XOM is BORED!
 38029 | Gauntlet | XOM: give mutations
 38029 | Gauntlet | Lost mutation: Your skin changes colour to match your
                  | surroundings (Stealth+). [Xom's mischief]
 38029 | Gauntlet | Lost mutation: You have a pair of antennae on your head.
                  | [Xom's mischief]
 38041 | Gauntlet | XOM: silly message
 38084 | Gauntlet | Killed a wretched star
 38095 | Gauntlet | Identified the +1 pair of gloves of Ditack {Rampage +Inv
                  | rC+ Will-}
 38161 | Gauntlet | Killed a quicksilver ooze
 38165 | Gauntlet | Identified the amulet "Zirudink" {Spirit Str+2}
 38228 | Gauntlet | Noticed a minotaur
 38236 | Gauntlet | XOM: scenery: 1 doors close
 38243 | Gauntlet | Killed a minotaur
 38253 | Gauntlet | Identified the +5 troll leather armour "Vounesk" {+Blink
                  | Regen+ rCorr Dex+5}
 38452 | Gauntlet | XOM: scenery: 1 doors close
 38507 | Gauntlet | XOM: stat loss: -1 Int (14/15)
 38699 | Gauntlet | XOM: scenery: 1 doors open
 38780 | Gauntlet | XOM: god gift: scroll of blinking
 38785 | Gauntlet | XOM: noise
 39769 | Gauntlet | XOM: summons 2 hostile demons
 40576 | Gauntlet | XOM: give mutations
 40576 | Gauntlet | Lost mutation: You passively map a small area around you.
                  | [Xom's mischief]
 40576 | Gauntlet | Lost mutation: You are dopey. (Int -2) [Xom's mischief]
 40576 | Gauntlet | Gained mutation: You are very vulnerable to cold. (rC--)
                  | [Xom's mischief]
 40576 | Gauntlet | Lost mutation: Armour fits poorly on your strangely shaped
                  | body. [Xom's mischief]
 40796 | Gauntlet | XOM: stat loss: -1 Str (10/11)
 40940 | Gauntlet | XOM: summons 2 hostile demons
 41687 | Gauntlet | XOM: stat loss: -1 Int (15/17)
 42103 | Gauntlet | XOM: give mutations
 42103 | Gauntlet | Lost mutation: You are weak. (Str -2) [Xom's grace]
 42103 | Gauntlet | Gained mutation: Your mind is acute. (Int +4, Str/Dex -1)
                  | [Xom's grace]
 42103 | Gauntlet | Gained mutation: Your mind is very acute. (Int +8, Str/Dex
                  | -2) [Xom's grace]
 42142 | Gauntlet | XOM: give mutations
 42142 | Gauntlet | Gained mutation: You are robust. (+10% HP) [Xom's grace]
 42142 | Gauntlet | Gained mutation: You are very robust. (+20% HP) [Xom's
                  | grace]
 42142 | Gauntlet | Gained mutation: Your natural rate of healing is unusually
                  | fast. [Xom's grace]
 42218 | Lair:2   | XOM: scenery: 2 doors open
 42261 | Lair:2   | XOM: cleaving
 42266 | Lair:2   | XOM: fog
 42272 | Lair:2   | XOM: fog
 42288 | Lair:2   | Reached skill level 10 in Fighting
 42289 | Lair:2   | XOM: cleaving
 42295 | Lair:2   | XOM: scenery: summon butterflies
 42296 | Lair:2   | Reached skill level 5 in Evocations
 42327 | Lair:2   | Reached XP level 13. HP: 113/115 MP: 0/0
 42327 | Lair:2   | Learned a level 5 spell: Fireball
 42414 | Lair:2   | Noticed an eight-headed hydra
 42415 | Lair:2   | XOM: summons 9 friendly demons
 42417 | Lair:2   | XOM: confuse monster(s)
 42420 | Lair:2   | Killed an eight-headed hydra
 42493 | Lair:2   | XOM: scenery: create altars
 42670 | Lair:2   | XOM: summons 2 hostile shadow creatures
 42706 | Lair:2   | Found a staircase to the Swamp.
 42795 | Lair:2   | XOM is BORED!
 42795 | Lair:2   | XOM: summons 1 hostile demon
 43109 | Lair:3   | XOM: stealth player
 43205 | Lair:3   | XOM: summons friendly ufetubus
 43239 | Lair:3   | XOM: 1-stop teleportation journey
 43274 | Lair:3   | Noticed a seven-headed hydra
 43279 | Lair:3   | Killed a seven-headed hydra
 43368 | Lair:3   | Found a hole to the Spider Nest.
 43403 | Lair:3   | Noticed a seven-headed hydra
 43403 | Lair:3   | XOM: 1-stop teleportation journey
 43413 | Lair:3   | XOM: confuse monster(s)
 43415 | Lair:3   | Killed a seven-headed hydra
 43498 | Lair:3   | Reached XP level 14. HP: 115/128 MP: 0/0
 43892 | Lair:3   | XOM: god gift: scroll of teleportation
 44000 | Lair:4   | XOM: give mutations
 44000 | Lair:4   | Gained mutation: You are mostly covered in large bone
                  | plates. (SH +6) [Xom's grace]
 44000 | Lair:4   | Lost mutation: You are somewhat resistant to further
                  | mutation. [Xom's grace]
 44000 | Lair:4   | Gained mutation: You have hidden genetic potential. [Xom's
                  | grace]
 44271 | Lair:4   | XOM: give mutations
 44271 | Lair:4   | Gained mutation: You have a pair of antennae on your head.
                  | [Xom's grace]
 44271 | Lair:4   | Lost mutation: You have hidden genetic potential. [Xom's
                  | grace]
 44271 | Lair:4   | Gained mutation: You are somewhat resistant to further
                  | mutation. [Xom's grace]
 44513 | Lair:4   | XOM: summons 4 hostile shadow creatures
 44759 | Lair:5   | Entered Level 5 of the Lair of Beasts
 44969 | Lair:5   | XOM: enchant monster (good)
 45020 | Lair:5   | Found a staircase to the Slime Pits.
 45134 | Lair:5   | XOM: cloud trail
 45223 | Lair:5   | XOM: 1-stop teleportation journey
 45267 | Lair:5   | XOM: 1-stop teleportation journey
 45283 | Lair:5   | XOM: give mutation
 45283 | Lair:5   | Lost mutation: Your flesh is almost immune to the effects
                  | of heat. (rF+++) [Xom's mischief]
 45517 | Lair:5   | XOM: noise
 45554 | Lair:5   | Found a large runed translucent door.
 45554 | Lair:5   | Found a large runed translucent door.
 45556 | Lair:5   | XOM: cast spell 'Summon Ice Beast'
 45570 | Lair:5   | a five-headed hydra changed into an emperor scorpion
 45570 | Lair:5   | Noticed an emperor scorpion
 45570 | Lair:5   | XOM: polymorph five-headed hydra -> emperor scorpion
 45571 | Lair:5   | XOM: god gift: hand axe {god gift}
 45575 | Lair:5   | Killed an emperor scorpion
 45587 | Lair:5   | Reached skill level 15 in Fighting
 45795 | Lair:5   | XOM: god gift: +3 scale mail of poison resistance
 46077 | Lair:5   | XOM: confuse monster(s)
 46324 | D:12     | XOM: confuse monster(s)
 46411 | D:12     | Found a portal to a secret trove of treasure.
 46503 | D:12     | Noticed Erolcha
 46513 | D:12     | XOM: summons 4 friendly demons
 46522 | D:12     | Killed Erolcha
 46523 | D:12     | Reached skill level 5 in Dodging
 46543 | D:12     | XOM: scenery: create altars
 46584 | D:12     | XOM: 5-stop teleportation journey
 46677 | D:12     | Found a runed translucent gate.
 46677 | D:12     | Found a runed translucent gate.
 46679 | D:12     | Found a runed translucent gate.
 46679 | D:12     | Noticed Bafrul's ghost (journeyman GnTm)
 46722 | Abyss:2  | Cast into level 2 of the Abyss (kobold brigand)
 46732 | Abyss:2  | Found a corrupted altar of Lugonu.
 46769 | D:12     | Escaped the Abyss
 46780 | D:12     | Reached XP level 15. HP: 115/144 MP: 0/0
 46780 | D:12     | Learned a level 6 spell: Iron Shot
 46781 | D:12     | Killed Bafrul's ghost
 47307 | D:13     | Noticed Urug
 47315 | D:13     | Killed Urug
 47467 | D:13     | Found a gate to the Vaults.
 47469 | D:13     | XOM: chaos upgrade
 47470 | D:13     | XOM: destruction
 47478 | D:13     | XOM: fake destruction
 47503 | D:13     | XOM: enchant monster (good)
 47504 | D:13     | XOM: summons friendly iron imp
 47534 | D:13     | XOM: cast spell 'Metabolic Englaciation'
 47540 | D:13     | XOM: noise
 47590 | D:13     | XOM: polymorph slime creature -> fire dragon
 47592 | D:13     | XOM: noise
 47955 | D:14     | Noticed Josephine
 47959 | D:14     | Killed Josephine
 47977 | D:14     | XOM: silly message
 48290 | D:14     | XOM: silly message
 48455 | D:15     | Entered Level 15 of the Dungeon
 48455 | D:15     | Found a frozen archway.
 48464 | IceCv    | Entered an ice cave
 48557 | IceCv    | XOM: silly message
 48648 | IceCv    | Identified the +2 cloak of Abrerem {Dex+4 Stlth-}
 48669 | IceCv    | Reached skill level 5 in Armour
 48807 | IceCv    | XOM: enchant monster (bad)
 48871 | IceCv    | Reached XP level 16. HP: 143/151 MP: 0/0
 49070 | IceCv    | XOM: torment (77/151 hp)
 49084 | IceCv    | XOM: stat loss: -1 Dex (21/23)
 49257 | D:15     | XOM: potion effect (invisibility)
 49304 | D:15     | Found a sacrificial altar of Ru.
 49477 | D:15     | XOM: confuse monster(s)
 49512 | D:15     | an iron troll changed into an azure jelly
 49512 | D:15     | Noticed an azure jelly (glowing shapeshifter)
 49513 | D:15     | an azure jelly changed into a fenstrider witch
 49513 | D:15     | Noticed a fenstrider witch (glowing shapeshifter)
 49514 | D:15     | a fenstrider witch changed into an iron giant
 49514 | D:15     | Noticed an iron giant (glowing shapeshifter)
 49515 | D:15     | XOM: cast spell 'Olgreb's Toxic Radiance'
 49522 | D:15     | XOM: silly message
 49541 | D:15     | XOM: noise
 49684 | D:15     | Found a staircase to the Depths.
 49711 | D:15     | XOM: silly message
 49827 | Orc:1    | Entered Level 1 of the Orcish Mines
 49941 | Orc:1    | XOM is BORED!
 49941 | Orc:1    | XOM: noise
 49963 | Orc:1    | XOM: divination: detect creatures
 50262 | Orc:2    | Entered Level 2 of the Orcish Mines
 50423 | Orc:2    | Found Xahecvo's Armour Shop.
 50558 | Orc:2    | Found Xitzyos's Jewellery Shoppe.
 50573 | Orc:2    | Bought the amulet of the Pharaoh's Fist {rPois Regen+
                  | Slay+6} for 929 gold pieces
 50844 | Orc:2    | XOM is BORED!
 50844 | Orc:2    | XOM: noise
 50847 | Orc:2    | XOM: confuse monster(s)
 50848 | Orc:2    | Found Tilixug's Antique Weapon Boutique.
 50850 | Orc:2    | Reached skill level 10 in Dodging
 50859 | Orc:2    | XOM: cast spell 'Chain of Chaos'
 50885 | Orc:2    | Found Ykluarra's Antique Armour Shop.
 50902 | Orc:2    | Bought a pair of crude gloves for 285 gold pieces
 50902 | Orc:2    | Identified the +2 pair of gloves of Dishonour {Dex+3} (You
                  | bought it in a shop on level 2 of the Orcish Mines)
 50920 | Orc:2    | XOM: polymorph orc -> kobold
 50955 | Orc:2    | Found a staircase to the Elven Halls.
 51210 | D:10     | XOM: scenery: create altars
 51308 | Swamp:1  | Entered Level 1 of the Swamp
 51356 | Swamp:1  | XOM: divine lightning
 51361 | Swamp:1  | XOM: noise
 51367 | Swamp:1  | XOM: fake destruction
 51923 | Swamp:1  | XOM: scenery: summon butterflies
 51943 | Swamp:1  | XOM: god gift: 45 gold pieces
 51988 | Swamp:2  | XOM: stealth player
 51998 | Swamp:2  | Reached XP level 17. HP: 156/157 MP: 0/0
 51998 | Swamp:2  | Learned a level 6 spell: Statue Form
 52251 | Swamp:2  | Noticed a thorn hunter
 52259 | Swamp:2  | Killed a thorn hunter
 52326 | Swamp:2  | XOM: divination: magic mapping
 52329 | Swamp:2  | XOM: polymorph fenstrider witch -> ice dragon
 52525 | Swamp:3  | XOM: enchant monster (good)
 52545 | Swamp:3  | Reached skill level 10 in Evocations
 52634 | Swamp:3  | XOM: enchant monster (good)
 52811 | Swamp:3  | Identified the +7 flail of Xyntot {freeze, rPois}
 52915 | Swamp:3  | XOM: god gift: ring of ice
 52965 | Swamp:3  | XOM: divination: magic mapping
 53036 | Swamp:2  | Identified a scroll of acquirement
 53037 | Swamp:2  | Acquired the ring of the Healing Scavenger {*Corrode rN++
                  | Str+4 Int+6}
 53070 | Swamp:4  | Entered Level 4 of the Swamp
 53182 | Swamp:4  | XOM: scenery: create altars
 53189 | Swamp:4  | Reached skill level 5 in Stealth
 53359 | Swamp:4  | XOM: 1-stop teleportation journey
 53479 | Swamp:4  | XOM: polymorph swamp worm -> manticore
 53677 | Swamp:4  | XOM: potion effect (berserk rage)
 53723 | Swamp:4  | XOM: summons 2 hostile shadow creatures
 53760 | Swamp:4  | Noticed a bone dragon
 53775 | Swamp:4  | Killed a bone dragon
 53786 | Swamp:4  | Got a decaying rune of Zot
 53918 | Spider:1 | Entered Level 1 of the Spider Nest
 53933 | Spider:1 | XOM: noise
 53943 | Spider:1 | Reached XP level 18. HP: 165/165 MP: 0/0
 53959 | Spider:1 | XOM: noise
 54273 | Spider:1 | XOM: silly message
 54432 | Spider:1 | XOM: divination: detect creatures
 54506 | Spider:1 | XOM: potion effect (invisibility)
 54640 | Spider:1 | XOM: cleaving
 54789 | Spider:2 | XOM: noise
 55005 | Spider:2 | Noticed Roxanne
 55019 | Spider:2 | Killed Roxanne
 55020 | Spider:2 | Reached skill level 10 in Stealth
 55293 | Spider:2 | XOM: cast spell 'Dispersal'
 55378 | Spider:2 | XOM: god gift: potion of heal wounds
 55705 | Spider:3 | XOM: cast spell 'Chain of Chaos'
 55736 | Spider:3 | XOM: scenery: create altars
 55778 | Spider:3 | XOM: 3-stop teleportation journey
 55933 | Spider:3 | XOM: enchant monster (good)
 56244 | Spider:3 | XOM: god gift: 2 javelins
 56359 | Spider:3 | XOM: summons friendly shadow imp
 56878 | Spider:4 | Entered Level 4 of the Spider Nest
 56915 | Spider:4 | XOM: fog
 56981 | Spider:4 | XOM: polymorph spark wasp -> tyrant leech
 57176 | Spider:4 | XOM: cast spell 'Chain of Chaos'
 57277 | Spider:4 | XOM: give mutation
 57277 | Spider:4 | Gained mutation: You are extremely robust. (+30% HP) [Xom's
                  | grace]
 57431 | Spider:4 | XOM: enchant monster (good)
 57538 | Spider:4 | XOM: divine lightning
 57551 | Spider:4 | Reached XP level 19. HP: 185/185 MP: 0/0
 57551 | Spider:4 | Learned a level 7 spell: Spellforged Servitor
 57595 | Spider:4 | Got a gossamer rune of Zot
 57838 | Elf:1    | Entered Level 1 of the Elven Halls
 57913 | Elf:1    | Noticed Kirke
 57924 | Elf:1    | XOM: 1-stop teleportation journey
 57938 | Elf:1    | XOM: summons 1 hostile demon
 57965 | Elf:1    | XOM: blink monster(s)
 58186 | Elf:1    | Found Tiwkeil's Assorted Antiques.
 58480 | Elf:1    | XOM: summons 8 friendly demons
 58493 | Elf:1    | XOM: noise
 58629 | Elf:1    | Killed Kirke
 58669 | Elf:2    | XOM: fog
 58725 | Elf:2    | XOM: summons friendly shadow imp
 58732 | Elf:2    | Reached skill level 15 in Spellcasting
 58796 | Elf:2    | XOM: silly message
 58809 | Elf:2    | Found a runed translucent gate.
 58814 | Elf:2    | Found a runed translucent gate.
 58814 | Elf:2    | Found a runed translucent gate.
 58848 | Elf:2    | Found Ceratebb's Antique Armour Emporium.
 58870 | Elf:2    | Bought a pair of runed gloves for 210 gold pieces
 58870 | Elf:2    | Bought a runed robe for 103 gold pieces
 59112 | Elf:2    | XOM: summons friendly shadow imp
 59116 | Elf:2    | XOM: scenery: 2 doors open, 1 doors close
 59178 | Elf:2    | XOM: god gift: wand of charming (4)
 59341 | Elf:2    | XOM: summons friendly ufetubus
 59348 | Elf:2    | XOM: god gift: broad axe {god gift}
 59428 | Elf:2    | Reached XP level 20. HP: 98/200 MP: 0/0
 59686 | Elf:3    | Entered Level 3 of the Elven Halls
 59885 | Elf:3    | Paralysed by an air elemental for 1 turns
 60118 | Elf:3    | XOM: polymorph deep elf pyromancer -> fire crab
 60180 | Elf:3    | XOM: potion effect (invisibility)
 60187 | Elf:3    | Paralysed by an air elemental for 1 turns
 60211 | Elf:3    | XOM: noise
 60213 | Elf:3    | XOM: cast spell 'Call Canine Familiar'
 60219 | Elf:3    | XOM: potion effect (brilliance)
 60243 | Elf:3    | Noticed a Brimstone Fiend
 60298 | Elf:3    | XOM: noise
 60362 | Elf:3    | Identified the +0 quarterstaff of Perversion {distort,
                  | rElec Str+8 Int-4}
 60362 | Elf:3    | Identified the ring "Pit Keja" {Fly rF+ rC+ rCorr}
 60376 | Elf:3    | Identified the ring of the Zebra {+Blink SInv}
 60424 | Elf:3    | Found the ring of the Hare {EV+10}
 60509 | Elf:3    | Identified the +4 quarterstaff "Exzi" {flame, Contam +Blink
                  | Int+7 Stlth+}
 60692 | D:12     | XOM: 5-stop teleportation journey
 60716 | Vaults:1 | Entered Level 1 of the Vaults
 60984 | Vaults:1 | Reached XP level 21. HP: 162/217 MP: 0/0
 60984 | Vaults:1 | Learned a level 8 spell: Lehudib's Crystal Spear
 61115 | Vaults:1 | XOM: torment (132/217 hp)
 61184 | Vaults:1 | XOM: swap monsters
 61256 | Vaults:1 | XOM: 4-stop teleportation journey
 61320 | Vaults:1 | XOM: blink monster(s)
 61592 | Vaults:1 | XOM: chaos cloud
 61613 | Vaults:1 | XOM: blink monster(s)
 61679 | Vaults:1 | XOM: stat loss: -1 Dex (22/23)
 61796 | Vaults:1 | XOM: silly message
 62111 | Vaults:2 | XOM: 1-stop teleportation journey
 62130 | Vaults:2 | XOM: cast spell 'Summon Small Mammal'
 62166 | Vaults:2 | XOM: silly message
 62357 | Vaults:2 | XOM: divination: detect creatures
 62368 | Vaults:2 | XOM: potion effect (brilliance)
 62414 | Vaults:2 | XOM: potion effect (haste)
 62492 | Vaults:2 | Noticed Xtahua
 62498 | Vaults:2 | Killed Xtahua
 62509 | Vaults:2 | Identified the +0 robe of Divine Intervention {+Blink rPois
                  | Regen+ Int-4}
 62641 | Vaults:2 | XOM: silly message
 62836 | Vaults:2 | Found a staircase to the Crypt.
 62859 | Vaults:2 | XOM: cast spell 'Summon Mana Viper'
 63108 | Crypt:1  | Entered Level 1 of the Crypt
 63129 | Crypt:1  | Noticed Boris
 63134 | Crypt:1  | Killed Boris
 63225 | Crypt:1  | XOM: destruction
 63239 | Crypt:1  | XOM: divination: detect creatures
 63246 | Crypt:1  | XOM: confuse monster(s)
 63257 | Crypt:1  | XOM: polymorph soul eater -> sun demon
 63258 | Crypt:1  | XOM: silly message
 63286 | Crypt:1  | Reached XP level 22. HP: 227/227 MP: 0/0
 63290 | Crypt:1  | Noticed Mennas
 63318 | Crypt:1  | XOM: god gift: 4 stones
 63325 | Crypt:1  | Killed Mennas
 63643 | Crypt:1  | XOM: god gift: glowing orb {god gift}
 63670 | Crypt:1  | XOM: silly message
 63678 | Crypt:1  | XOM: give mutations
 63678 | Crypt:1  | Lost mutation: You are somewhat resistant to further
                  | mutation. [Xom's mischief]
 63678 | Crypt:1  | Lost mutation: You possess an exceptional clarity of mind.
                  | [Xom's mischief]
 63678 | Crypt:1  | Lost mutation: Your mind is very acute. (Int +8, Str/Dex
                  | -2) [Xom's mischief]
 63678 | Crypt:1  | Gained mutation: You occasionally shout uncontrollably at
                  | your foes. [Xom's mischief]
 63684 | Crypt:1  | XOM: swap monsters
 63743 | Crypt:1  | XOM: scenery: summon butterflies
 63896 | Crypt:1  | XOM: cleaving
 63907 | Crypt:1  | XOM: summons 2 friendly demons
 63942 | Crypt:1  | XOM: swap monsters
 64071 | Crypt:2  | XOM: enchant monster (bad)
 64191 | Crypt:2  | XOM: confuse monster(s)
 64386 | Crypt:2  | XOM: potion effect (curing)
 64464 | Crypt:2  | Found a basalt altar of Yredelemnul.
 64474 | Crypt:2  | XOM: cloud trail
 64720 | Crypt:3  | XOM: noise
 64720 | Crypt:3  | Entered Level 3 of the Crypt
 64721 | Crypt:3  | Noticed Frederick
 64733 | Crypt:3  | XOM: potion effect (haste)
 64739 | Crypt:3  | Killed Frederick
 64774 | Crypt:3  | Found a staircase to the Tomb.
 64928 | Crypt:3  | XOM: potion effect (haste)
 64959 | Crypt:3  | Identified the +12 trident of Gozag's Inspiration {drain,
                  | rF+ SInv}
 65122 | Crypt:3  | XOM: potion effect (brilliance)
 65180 | Crypt:3  | XOM: cast spell 'Olgreb's Toxic Radiance'
 65243 | Crypt:3  | Noticed a royal mummy
 65296 | Crypt:3  | XOM: potion effect (brilliance)
 65313 | Crypt:3  | Killed a royal mummy
 65457 | Crypt:3  | XOM: divination: magic mapping
 65494 | Crypt:3  | XOM: enchant monster (good)
 65689 | Crypt:3  | XOM: cloud trail
 66016 | Crypt:3  | Found the +8 autumn katana {manifold assault}
 66042 | Crypt:3  | Identified the +3 helmet of Grace {Dex+3}
 66230 | Vaults:3 | Found Jat Yrai's Antique Armour Boutique.
 66235 | Vaults:3 | XOM: smoke on damage
 66306 | Vaults:3 | Noticed Bai Suzhen
 66307 | Vaults:3 | XOM: confuse monster(s)
 66327 | Vaults:3 | XOM: noise
 66339 | Vaults:3 | Killed Bai Suzhen
 66340 | Vaults:3 | Reached XP level 23. HP: 207/234 MP: 0/0
 66340 | Vaults:3 | Learned a level 8 spell: Disjunction
 66680 | Vaults:3 | XOM: enchant monster (bad)
 66687 | Vaults:3 | XOM: 1-stop teleportation journey
 66845 | Vaults:3 | Noticed Asterion
 66852 | Vaults:3 | Killed Asterion
 66950 | Vaults:3 | XOM: chaos upgrade
 66958 | Vaults:3 | XOM: blink monster(s)
 67007 | Vaults:3 | XOM: confuse monster(s)
 67516 | Vaults:4 | XOM: chaos upgrade
 67537 | Vaults:4 | XOM: noise
 67543 | Vaults:4 | XOM: confuse monster(s)
 67557 | Vaults:4 | XOM: silly message
 67571 | Vaults:4 | Reached skill level 15 in Dodging
 67758 | Vaults:4 | XOM: blink monster(s)
 67824 | Vaults:4 | XOM: give mutations
 67824 | Vaults:4 | Lost mutation: Your body sometimes deteriorates upon taking
                  | damage. [Xom's mischief]
 67824 | Vaults:4 | Lost mutation: You have a pair of antennae on your head.
                  | [Xom's mischief]
 67985 | Vaults:4 | XOM: polymorph yaktaur captain -> dire elephant
 68160 | Vaults:4 | XOM: confuse monster(s)
 68715 | Vaults:5 | Entered Level 5 of the Vaults
 68715 | Vaults:5 | Noticed an ancient lich
 68839 | Vaults:5 | XOM: destruction
 68856 | Vaults:5 | Noticed Sojobo
 68865 | Vaults:5 | Killed Sojobo
 68919 | Vaults:5 | Identified the ring "Ges Agya" {Will+ Str+2 Int+6}
 69071 | Vaults:5 | Killed an ancient lich
 69088 | Vaults:5 | Reached XP level 24. HP: 194/243 MP: 0/0
 69150 | Vaults:5 | XOM: noise
 69157 | Vaults:5 | XOM: polymorph vault guard -> emperor scorpion
 69174 | Vaults:5 | XOM: confusion (+ monsters)
 69188 | Vaults:5 | XOM: divination: magic mapping
 69216 | Vaults:5 | XOM: polymorph vault guard -> catoblepas
 69222 | Vaults:5 | XOM: noise
 69290 | Vaults:5 | Noticed Jory
 69300 | Vaults:5 | Killed Jory
 69306 | Vaults:5 | Identified the +8 chain mail of Patterns {rF+}
 69359 | Vaults:5 | Identified the +5 ring mail of the Glamorous Serpent
                  | {Str+3}
 69370 | Vaults:5 | Noticed a golden dragon
 69376 | Vaults:5 | Killed a golden dragon
 69377 | Vaults:5 | Identified the +7 plate armour "Ditsisuck" {+Inv Will+
                  | Str+3 Dex+3}
 69389 | Vaults:5 | XOM: destruction
 69455 | Vaults:5 | Identified the +10 sling of Iwoduogaf {freeze, rPois Will+}
 69458 | Vaults:5 | XOM: cleaving
 69464 | Vaults:5 | XOM: fog
 69491 | Vaults:5 | XOM: fog
 69522 | Vaults:5 | Identified the +5 great sword of the Whelk {freeze, Stlth+}
 69599 | Vaults:5 | XOM: confusion (+ monsters)
 69602 | Vaults:5 | Found Hudius's Antique Armour Shop.
 69664 | Vaults:5 | Bought a pearl-encrusted chain mail for 370 gold pieces
 69664 | Vaults:5 | Identified the +4 chain mail of Bedevilment {Int+4} (You
                  | bought it in a shop on level 5 of the Vaults)
 69669 | Vaults:5 | XOM: 2-stop teleportation journey
 69753 | Vaults:5 | XOM: noise
 69781 | Vaults:5 | Got a silver rune of Zot
 69794 | Vaults:5 | XOM: summons 5 friendly demons
 69853 | Vaults:5 | XOM: noise
 69857 | Vaults:5 | Noticed Boris
 69871 | Vaults:5 | Killed Boris
 69984 | Vaults:5 | Noticed an ancient lich
 69997 | Vaults:5 | XOM: blink monster(s)
 70001 | Vaults:5 | Killed an ancient lich
 70860 | Slime:1  | XOM: noise
 70860 | Slime:1  | Entered Level 1 of the Pits of Slime
 70883 | Slime:2  | XOM: stealth player
 70903 | Slime:2  | Reached XP level 25. HP: 228/250 MP: 0/0
 70903 | Slime:2  | Learned a level 8 spell: Summon Horrible Things
 70965 | Slime:2  | Gained mutation: Armour fits poorly on your strangely
                  | shaped body. [a shining eye]
 70967 | Slime:2  | Lost mutation: Your mind is acute. (Int +4, Str/Dex -1) [a
                  | shining eye]
 70989 | Slime:3  | XOM: 3-stop teleportation journey
 70990 | Slime:3  | You are sucked into a shaft and drop 1 floor!
 71036 | Slime:5  | Entered Level 5 of the Pits of Slime
 71096 | Slime:5  | Noticed the Royal Jelly
 71108 | Slime:5  | Killed the Royal Jelly
 71119 | Slime:5  | XOM: give mutations
 71119 | Slime:5  | Lost mutation: You have sharp fingernails. [Xom's mischief]
 71119 | Slime:5  | Lost mutation: You are resistant to electric shocks.
                  | (rElec) [Xom's mischief]
 71119 | Slime:5  | Lost mutation: You occasionally shout uncontrollably at
                  | your foes. [Xom's mischief]
 71119 | Slime:5  | Lost mutation: You have a pair of small antennae on your
                  | head. [Xom's mischief]
 71207 | Slime:5  | Gained mutation: Your body sometimes deteriorates upon
                  | taking damage. [a shining eye]
 71211 | Slime:5  | Gained mutation: Your body often deteriorates upon taking
                  | damage. [a shining eye]
 71216 | Slime:5  | XOM: silly message
 71229 | Slime:5  | XOM: potion effect (invisibility)
 71243 | Slime:5  | XOM: potion effect (heal wounds)
 71301 | Slime:5  | XOM: silly message
 71312 | Slime:5  | Got a slimy rune of Zot
 71319 | Slime:5  | Identified the ring of Puh Niol {rC+ Dex+4}
 71343 | Slime:5  | Identified the +0 pair of boots of Okawaru, Devouring
                  | {Harm}
 71393 | Slime:5  | Identified the +2 helmet "Teongiy" {rC- rN+ MP+9 Str+3}
 72180 | Crypt:3  | XOM: noise
 72433 | Vaults:1 | XOM: noise
 72928 | D:15     | XOM: silly message
 72938 | Depths:1 | Entered Level 1 of the Depths
 72941 | Depths:1 | XOM: potion effect (haste)
 72998 | Depths:1 | Reached skill level 15 in Evocations
 73036 | Depths:1 | Found Cublidel's Assorted Antiques.
 73079 | Depths:1 | Noticed Saint Roka
 73106 | Depths:1 | XOM: confuse monster(s)
 73112 | Depths:1 | Killed Saint Roka
 73157 | Depths:1 | Bought a potion of curing for 120 gold pieces
 73157 | Depths:1 | Bought a scroll of magic mapping for 300 gold pieces
 73157 | Depths:1 | Bought a potion of brilliance for 160 gold pieces
 73229 | Depths:1 | XOM: 1-stop teleportation journey
 73282 | Depths:1 | XOM: noise
 73284 | Depths:1 | Noticed Boris
 73300 | Depths:1 | Killed Boris
 73335 | Depths:1 | Found a gateway to Hell.
 73336 | Depths:1 | XOM: divination: detect items
 73340 | Depths:1 | XOM: silly message
 73349 | Depths:1 | XOM: silly message
 73357 | Depths:1 | Noticed Mara
 73357 | Depths:1 | XOM: 1-stop teleportation journey
 73370 | Depths:1 | Killed Mara
 73385 | Depths:1 | XOM: silly message
 73415 | Depths:1 | XOM: potion effect (invisibility)
 73418 | Depths:1 | XOM: divination: detect creatures
 73560 | Depths:1 | XOM: silly message
 73562 | Depths:1 | XOM: silly message
 73774 | Depths:1 | Found a glowing silver altar of Zin.
 73820 | Depths:1 | XOM: blink monster(s)
 74109 | Depths:2 | Reached XP level 26. HP: 260/260 MP: 0/0
 74120 | Depths:2 | XOM: divine lightning
 74130 | Depths:2 | XOM: polymorph soul eater -> sun demon
 74167 | Depths:2 | Noticed Boris
 74172 | Depths:2 | XOM: fog
 74275 | Depths:2 | XOM: fog
 74374 | Depths:2 | Identified the ring "Boisch" {rPois EV+5 Str+2}
 74509 | Depths:2 | XOM: noise
 74521 | Depths:2 | XOM: 5-stop teleportation journey
 74648 | Depths:2 | XOM: silly message
 74703 | Depths:2 | Found a shadowy altar of Dithmenos.
 74703 | Depths:2 | Found the ring of Shadows {Umbra +Inv Stlth+}
 74703 | Depths:2 | Found the +5 robe of Night {Dark Will+ SInv}
 74889 | Depths:2 | XOM: give mutations
 74889 | Depths:2 | Lost mutation: You are very vulnerable to cold. (rC--)
                  | [Xom's mischief]
 74889 | Depths:2 | Lost mutation: You are mostly covered in large bone plates.
                  | (SH +6) [Xom's mischief]
 74889 | Depths:2 | Lost mutation: Armour fits poorly on your strangely shaped
                  | body. [Xom's mischief]
 75021 | Depths:2 | Found a one-way gate leading to the halls of Pandemonium.
 75084 | Depths:3 | XOM: noise
 75408 | Depths:3 | XOM: polymorph quicksilver dragon -> shadow dragon
 75507 | Depths:3 | XOM: give mutations
 75507 | Depths:3 | Lost mutation: You are extremely robust. (+30% HP) [Xom's
                  | mischief]
 75507 | Depths:3 | Gained mutation: You are weak. (Str -2) [Xom's mischief]
 75507 | Depths:3 | Lost mutation: Your natural rate of healing is unusually
                  | fast. [Xom's mischief]
 75509 | Depths:3 | XOM: confuse monster(s)
 75522 | Depths:3 | XOM: 8-stop teleportation journey
 75532 | Depths:3 | XOM: give mutations
 75532 | Depths:3 | Lost mutation: You are weak. (Str -2) [Xom's mischief]
 75532 | Depths:3 | Gained mutation: You passively map a small area around you.
                  | [Xom's mischief]
 75719 | Depths:3 | XOM: summons 1 hostile demon
 75742 | Depths:3 | Found a one-way gateway to a ziggurat.
 75751 | Depths:3 | XOM: summons 4 friendly demons
 75779 | Depths:3 | XOM: divination: magic mapping
 76046 | Depths:3 | XOM: 1-stop teleportation journey
 76243 | Depths:3 | Found a one-way gate to the infinite horrors of the Abyss.
 76285 | Depths:3 | Voluntarily entered the Abyss.
 76285 | Abyss:2  | Found a corrupted altar of Lugonu.
 76354 | Abyss:3  | Found a corrupted altar of Lugonu.
 76420 | Abyss:3  | XOM: cast spell 'Cause Fear'
 76446 | Abyss:3  | XOM: blink monster(s)
 76473 | Abyss:3  | Got an abyssal rune of Zot
 76484 | Abyss:3  | Noticed an ancient lich
 76489 | Abyss:3  | Killed an ancient lich
 76491 | Abyss:3  | Noticed an ancient lich
 76493 | Abyss:3  | Killed an ancient lich
 76495 | Abyss:3  | Noticed an ancient lich
 76497 | Abyss:3  | Killed an ancient lich
 76500 | Depths:3 | Escaped the Abyss
 76638 | Depths:4 | Entered Level 4 of the Depths
 76678 | Depths:4 | XOM: 1-stop teleportation journey
 76690 | Depths:4 | Reached XP level 27. HP: 228/246 MP: 0/0
 76690 | Depths:4 | Learned a level 9 spell: Shatter
 76711 | Depths:4 | Found Jeczaona's General Store.
 76828 | Depths:4 | Found Saamun's Antique Weapon Shoppe.
 76873 | Depths:4 | XOM: summons friendly white imp
 76905 | Depths:4 | Found a gate to the Realm of Zot.
 76912 | Depths:4 | XOM: fog
 77170 | Depths:4 | Found Plog's Armour Boutique.
 77363 | Depths:4 | XOM: 2-stop teleportation journey
 77408 | Depths:4 | Found Vamij's Assorted Antiques.
 77413 | Depths:4 | Found an opulent altar of Gozag.
 77416 | Depths:4 | Bought a pitted scale mail for 351 gold pieces
 77416 | Depths:4 | Identified the +4 scale mail of the Lair of Beasts {Fly
                  | Will++} (You bought it in a shop on level 4 of the Depths)
 77416 | Depths:4 | Bought a potion of curing for 117 gold pieces
 77416 | Depths:4 | Bought a potion of heal wounds for 195 gold pieces
 77416 | Depths:4 | Bought a scroll of immolation for 156 gold pieces
 77533 | Depths:4 | Found Nyigujof's Antique Armour Shoppe.
 77539 | Depths:4 | Bought a translucent cloak for 275 gold pieces
 77539 | Depths:4 | Identified the +2 cloak of the Orb Guardian {Dex+5 Stlth+}
                  | (You bought it in a shop on level 4 of the Depths)
 77539 | Depths:4 | Bought a scorched chain mail for 275 gold pieces
 77539 | Depths:4 | Identified the +3 chain mail of Xizam {Slay+3} (You bought
                  | it in a shop on level 4 of the Depths)
 77839 | Zot:1    | Entered Level 1 of the Realm of Zot
 77847 | Depths:4 | XOM: confuse monster(s)
 77908 | Depths:4 | Upgraded the game from 0.30-a0-739-gea05faddec to
                  | 0.30-a0-743-gbfdf073431
 77920 | Zot:1    | XOM: summons 3 friendly demons
 77940 | Zot:1    | Identified the +6 chain mail "Esogubol" {rElec rF++ Will-
                  | SInv}
 77967 | Zot:1    | Noticed Vv
 77978 | Zot:1    | Killed Vv
 77997 | Zot:1    | XOM: polymorph red draconian -> six-headed hydra
 78001 | Zot:1    | XOM: scenery: summon butterflies
 78107 | Zot:1    | Gained mutation: You occasionally lose the ability to drink
                  | potions when taking damage. [mutagenic glow]
 78124 | Zot:1    | Gained mutation: You are weak. (Str -2) [mutagenic glow]
 78186 | Zot:1    | XOM: cleaving
 78248 | Zot:1    | Noticed a dread lich
 78255 | Zot:1    | Noticed a dread lich
 78259 | Depths:4 | Lost mutation: You are very robust. (+20% HP) [mutagenic
                  | glow]
 78267 | Depths:4 | Gained mutation: You occasionally lose the ability to read
                  | scrolls when taking damage. [mutagenic glow]
 78290 | Depths:4 | XOM: give mutations
 78290 | Depths:4 | Lost mutation: You are partially covered in large bone
                  | plates. (SH +4) [Xom's mischief]
 78290 | Depths:4 | Gained mutation: Armour fits poorly on your strangely
                  | shaped body. [Xom's mischief]
 78290 | Depths:4 | Lost mutation: You occasionally lose the ability to drink
                  | potions when taking damage. [Xom's mischief]
 78904 | Depths:3 | XOM: give mutation
 78904 | Depths:3 | Gained mutation: Your flesh is almost immune to the effects
                  | of heat. (rF+++) [Xom's grace]
 79419 | Depths:3 | XOM: silly message
 79876 | Depths:3 | XOM: summons 2 hostile demons
 80096 | Depths:3 | XOM: draining
 80114 | Depths:3 | XOM: silly message
 83979 | Depths:3 | XOM: give mutations
 83979 | Depths:3 | Lost mutation: Your flesh is almost immune to the effects
                  | of heat. (rF+++) [Xom's mischief]
 83979 | Depths:3 | Lost mutation: You are robust. (+10% HP) [Xom's mischief]
 83998 | Depths:3 | XOM is BORED!
 83998 | Depths:3 | XOM: torment (119/196 hp)
 84191 | Depths:3 | XOM: give mutations
 84191 | Depths:3 | Lost mutation: Armour fits poorly on your strangely shaped
                  | body. [Xom's mischief]
 84191 | Depths:3 | Gained mutation: You are frail. (-10% HP) [Xom's mischief]
 84348 | Depths:3 | XOM: stat loss: -1 Str (14/15)
 84611 | Depths:3 | Lost mutation: You occasionally lose the ability to read
                  | scrolls when taking damage. [potion of mutation]
 84611 | Depths:3 | Lost mutation: You are strong-willed. (Will+) [potion of
                  | mutation]
 84611 | Depths:3 | Lost mutation: You passively map a small area around you.
                  | [potion of mutation]
 84611 | Depths:3 | Gained mutation: You have hidden genetic potential. [potion
                  | of mutation]
 84612 | Depths:3 | Lost mutation: You are frail. (-10% HP) [potion of
                  | mutation]
 84612 | Depths:3 | Lost mutation: Your body often deteriorates upon taking
                  | damage. [potion of mutation]
 84612 | Depths:3 | Gained mutation: You have supernaturally acute eyesight.
                  | (SInv) [potion of mutation]
 84634 | Zot:1    | Killed a dread lich
 84635 | Zot:1    | Killed a dread lich
 84659 | Zot:1    | XOM: confuse monster(s)
 84697 | Zot:1    | XOM: summons friendly white imp
 84742 | Zot:1    | Identified the +4 mace of Zazy {drain, Str+3}
 84994 | Zot:1    | Noticed a dread lich
 85001 | Zot:1    | XOM: noise
 85006 | Zot:1    | Killed a dread lich
 85168 | D:15     | XOM: give mutation
 85168 | D:15     | Gained mutation: You are frail. (-10% HP) [Xom's mischief]
 86237 | Vaults:1 | XOM: summons 11 hostile demons
 86740 | Vaults:1 | XOM: give mutations
 86740 | Vaults:1 | Gained mutation: You occasionally lose the ability to read
                  | scrolls when taking damage. [Xom's mischief]
 86740 | Vaults:1 | Gained mutation: Potions are less effective at restoring
                  | your health. [Xom's mischief]
 86740 | Vaults:1 | Gained mutation: You are very weak. (Str -4) [Xom's
                  | mischief]
 86740 | Vaults:1 | Gained mutation: You occasionally shout uncontrollably at
                  | your foes. [Xom's mischief]
 86933 | Vaults:1 | XOM: god gift: scroll of summoning
 87692 | Vaults:1 | XOM: scenery: 1 doors close
 87718 | Vaults:1 | XOM: cloud trail
 87760 | Vaults:1 | XOM: scenery: 1 doors open
 88188 | Vaults:1 | XOM: give mutations
 88188 | Vaults:1 | Gained mutation: Your mind is acute. (Int +4, Str/Dex -1)
                  | [Xom's grace]
 88188 | Vaults:1 | Gained mutation: You are agile. (Dex +4, Str/Int -1) [Xom's
                  | grace]
 88610 | Vaults:1 | XOM: scenery: 1 doors close
 88629 | Vaults:1 | XOM: silly message
 88813 | Vaults:1 | XOM: give mutation
 88813 | Vaults:1 | Gained mutation: You are very frail. (-20% HP) [Xom's
                  | mischief]
 89244 | Vaults:1 | XOM: god gift: 896 gold pieces
 89248 | Vaults:1 | XOM: scenery: 1 doors open
 89254 | Vaults:1 | XOM: god gift: shortbow {god gift}
 89596 | Vaults:1 | XOM is BORED!
 89596 | Vaults:1 | XOM: give mutation
 89596 | Vaults:1 | Lost mutation: You are very frail. (-20% HP) [Xom's
                  | mischief]
 89773 | Vaults:1 | XOM: divination: detect items
 90166 | Vaults:1 | XOM: scenery: 1 doors close
 90291 | Vaults:1 | XOM: cloud trail
 91353 | Vaults:1 | XOM is BORED!
 91353 | Vaults:1 | XOM: give mutation
 91353 | Vaults:1 | Lost mutation: Your mind is acute. (Int +4, Str/Dex -1)
                  | [Xom's mischief]
 92023 | Vaults:1 | XOM: noise
 92149 | Vaults:1 | XOM: god gift: 55 gold pieces
 92187 | Vaults:1 | XOM: silly message
 93190 | Vaults:1 | XOM: give mutations
 93190 | Vaults:1 | Gained mutation: Your body often deteriorates upon taking
                  | damage. [Xom's mischief]
 93190 | Vaults:1 | Lost mutation: You occasionally shout uncontrollably at
                  | your foes. [Xom's mischief]
 93217 | Vaults:1 | XOM: give mutations
 93217 | Vaults:1 | Gained mutation: You are partially covered in iridescent
                  | scales. (AC +2) [Xom's grace]
 93217 | Vaults:1 | Gained mutation: You are very agile. (Dex +8, Str/Int -2)
                  | [Xom's grace]
 93217 | Vaults:1 | Gained mutation: You are resistant to electric shocks.
                  | (rElec) [Xom's grace]
 93830 | Vaults:1 | XOM: god gift: potion of flight
 94838 | Vaults:1 | XOM: god gift: scroll of torment
 95314 | Vaults:1 | XOM is BORED!
 95314 | Vaults:1 | XOM: give mutations
 95314 | Vaults:1 | Lost mutation: You are partially covered in iridescent
                  | scales. (AC +2) [Xom's mischief]
 95314 | Vaults:1 | Gained mutation: You occasionally shout uncontrollably at
                  | your foes. [Xom's mischief]
 95740 | Vaults:1 | XOM: god gift: staff of conjuration
 97035 | Vaults:1 | XOM: give mutations
 97035 | Vaults:1 | Gained mutation: You have a pair of small antennae on your
                  | head. [Xom's grace]
 97035 | Vaults:1 | Gained mutation: Your mind is acute. (Int +4, Str/Dex -1)
                  | [Xom's grace]
 97035 | Vaults:1 | Gained mutation: You possess an exceptional clarity of
                  | mind. [Xom's grace]
 97035 | Vaults:1 | Gained mutation: You are partially covered in iridescent
                  | scales. (AC +2) [Xom's grace]
 97350 | Vaults:1 | XOM: noise
 97379 | Vaults:1 | XOM: summons 2 hostile demons
 97615 | Vaults:1 | XOM: silly message
 98336 | Vaults:1 | XOM: give mutations
 98336 | Vaults:1 | Gained mutation: Your skin changes colour to match your
                  | surroundings (Stealth+). [Xom's grace]
 98336 | Vaults:1 | Gained mutation: You expend health (3 HP) to strengthen
                  | your wands. [Xom's grace]
 98336 | Vaults:1 | Gained mutation: You passively map a small area around you.
                  | [Xom's grace]
 98428 | Vaults:1 | XOM: scenery: 1 doors open
 98862 | Vaults:1 | XOM is BORED!
100116 | Vaults:1 | XOM: scenery: 1 doors close
100315 | Vaults:1 | XOM: give mutations
100315 | Vaults:1 | Gained mutation: Your flesh is almost immune to the effects
                  | of heat. (rF+++) [Xom's grace]
100315 | Vaults:1 | Gained mutation: You have great hidden genetic potential.
                  | [Xom's grace]
100713 | Vaults:1 | XOM: cloud trail
101625 | Vaults:1 | XOM: give mutations
101625 | Vaults:1 | Lost mutation: You are very weak. (Str -4) [Xom's grace]
101625 | Vaults:1 | Gained mutation: You are strong-willed. (Will+) [Xom's
                  | grace]
101625 | Vaults:1 | Gained mutation: You are mostly covered in iridescent
                  | scales. (AC +4) [Xom's grace]
102090 | Vaults:1 | XOM: scenery: 1 doors open
102600 | Vaults:1 | XOM: god gift: 39 gold pieces
102778 | Vaults:1 | XOM is BORED!
102915 | Vaults:1 | XOM: noise
103432 | Vaults:1 | XOM: silly message
104923 | Vaults:1 | XOM: stat loss: -1 Int (37/38)
104964 | Vaults:1 | XOM: noise
106208 | Vaults:1 | XOM: stat loss: -1 Int (36/38)
106284 | Vaults:1 | XOM is BORED!
106536 | Vaults:1 | XOM: summons 14 hostile demons
109116 | D:13     | XOM: noise
109296 | D:13     | XOM: give mutation
109296 | D:13     | Lost mutation: You are very agile. (Dex +8, Str/Int -2)
                  | [Xom's mischief]
109365 | D:13     | XOM is BORED!
109572 | D:13     | XOM: summons 2 hostile shadow creatures
110176 | D:13     | XOM: noise
110182 | D:13     | XOM: noise
110356 | D:13     | XOM: silly message
110732 | D:13     | XOM: god gift: +2 scale mail of willpower
110829 | D:13     | Identified the amulet "Obolumu" {Will++ Regen+} (Xom gifted
                  | it to you on level 13 of the Dungeon)
110829 | D:13     | XOM: god gift: amulet "Obolumu" {Will++ Regen+}
111076 | D:13     | XOM: give mutations
111076 | D:13     | Gained mutation: Your natural rate of healing is unusually
                  | fast. [Xom's grace]
111076 | D:13     | Gained mutation: A frigid envelope surrounds you and
                  | freezes all who hurt you. [Xom's grace]
111076 | D:13     | Gained mutation: Your movements are slightly less
                  | encumbered by armour. (ER -2) [Xom's grace]
111079 | D:13     | Lost mutation: You possess an exceptional clarity of mind.
                  | [potion of mutation]
111079 | D:13     | Lost mutation: Your skin changes colour to match your
                  | surroundings (Stealth+). [potion of mutation]
111079 | D:13     | Lost mutation: You passively map a small area around you.
                  | [potion of mutation]
111080 | D:13     | Lost mutation: You occasionally lose the ability to read
                  | scrolls when taking damage. [potion of mutation]
111080 | D:13     | Lost mutation: Your mind is acute. (Int +4, Str/Dex -1)
                  | [potion of mutation]
111080 | D:13     | Lost mutation: You expend health (3 HP) to strengthen your
                  | wands. [potion of mutation]
111080 | D:13     | Lost mutation: You have a pair of small antennae on your
                  | head. [potion of mutation]
111081 | D:13     | Lost mutation: You are agile. (Dex +4, Str/Int -1) [potion
                  | of mutation]
111081 | D:13     | Lost mutation: Your body often deteriorates upon taking
                  | damage. [potion of mutation]
111081 | D:13     | Lost mutation: You are frail. (-10% HP) [potion of
                  | mutation]
111081 | D:13     | Lost mutation: Potions are less effective at restoring your
                  | health. [potion of mutation]
111081 | D:13     | Gained mutation: You have a somewhat thin skeletal
                  | structure. (Dex +2, Stealth+) [potion of mutation]
111086 | D:13     | XOM: god gift: wand of charming (4)
111119 | D:14     | XOM: silly message
111629 | Zot:2    | XOM: potion effect (haste)
111663 | Zot:2    | Noticed a dread lich
111669 | Zot:2    | Killed a dread lich
111675 | Zot:2    | XOM: potion effect (curing)
111688 | Zot:2    | XOM: potion effect (invisibility)
111691 | Zot:2    | XOM: silly message
111809 | Zot:2    | XOM: cleaving
111894 | Zot:2    | XOM: cloud trail
112027 | Zot:2    | XOM: summons 4 friendly demons
112123 | Zot:2    | XOM: divination: detect creatures
112465 | Zot:3    | XOM: summons friendly crimson imp
112596 | Zot:3    | XOM: give mutations
112596 | Zot:3    | Lost mutation: You have great hidden genetic potential.
                  | [Xom's mischief]
112596 | Zot:3    | Lost mutation: Your flesh is almost immune to the effects
                  | of heat. (rF+++) [Xom's mischief]
112644 | Zot:3    | XOM: stat loss: -1 Int (35/36)
112686 | Zot:3    | XOM: chaos upgrade
112776 | Zot:3    | Found a transporter.
112817 | Zot:3    | Found a transporter.
112850 | Zot:3    | Found a transporter.
112871 | Zot:3    | Found a transporter.
112956 | Zot:4    | Identified the +10 plate armour of Yredelemnul's Envy {Harm
                  | rF+ rN+ Stlth+}
112988 | Zot:4    | XOM: give mutations
112988 | Zot:4    | Gained mutation: You are frail. (-10% HP) [Xom's mischief]
112988 | Zot:4    | Lost mutation: You are mostly covered in iridescent scales.
                  | (AC +4) [Xom's mischief]
112988 | Zot:4    | Gained mutation: Your spells are a little harder to cast,
                  | but a little more powerful. [Xom's mischief]
113047 | Zot:4    | XOM: 2-stop teleportation journey
113080 | Zot:4    | XOM: cast spell 'Discord'
113145 | Zot:4    | Gained mutation: You expend health (3 HP) to strengthen
                  | your wands. [hidden potential]
113151 | Zot:4    | XOM: polymorph green draconian -> catoblepas
113223 | Zot:4    | Noticed a Killer Klown
113227 | Zot:4    | Killed a Killer Klown
113246 | Zot:4    | XOM: scenery: summon butterflies
113298 | Zot:4    | XOM: god gift: scroll of fog
113337 | Zot:4    | XOM: cast spell 'Chain of Chaos'
113349 | Zot:4    | Reached skill level 5 in Shields
113416 | Zot:4    | XOM: god gift: javelin
113626 | Zot:5    | Entered Level 5 of the Realm of Zot
114087 | Zot:5    | Lost mutation: You occasionally shout uncontrollably at
                  | your foes. [potion of mutation]
114087 | Zot:5    | Lost mutation: You have supernaturally acute eyesight.
                  | (SInv) [potion of mutation]
114087 | Zot:5    | Lost mutation: You have a somewhat thin skeletal structure.
                  | (Dex +2, Stealth+) [potion of mutation]
114087 | Zot:5    | Gained mutation: Your skin changes colour to match your
                  | surroundings (Stealth+). [potion of mutation]
114088 | Zot:5    | Lost mutation: Your movements are slightly less encumbered
                  | by armour. (ER -2) [potion of mutation]
114088 | Zot:5    | Lost mutation: Your skin changes colour to match your
                  | surroundings (Stealth+). [potion of mutation]
114088 | Zot:5    | Lost mutation: You are weak. (Str -2) [potion of mutation]
114088 | Zot:5    | Gained mutation: You have a pair of small horns on your
                  | head. [potion of mutation]
114089 | Zot:5    | Lost mutation: A frigid envelope surrounds you and freezes
                  | all who hurt you. [potion of mutation]
114089 | Zot:5    | Lost mutation: You have a pair of small horns on your head.
                  | [potion of mutation]
114089 | Zot:5    | Lost mutation: Your spells are a little harder to cast, but
                  | a little more powerful. [potion of mutation]
114163 | Zot:5    | Noticed a Killer Klown
114166 | Zot:5    | Noticed an orb of fire
114172 | Zot:5    | XOM: scenery: summon butterflies
114180 | Zot:5    | XOM: polymorph butterfly -> river rat
114181 | Zot:5    | Gained mutation: You are very frail. (-20% HP) [an orb of
                  | fire]
114184 | Zot:5    | Killed an orb of fire
114185 | Zot:5    | Killed a Killer Klown
114185 | Zot:5    | XOM: scenery: summon butterflies
114196 | Zot:5    | XOM: summons friendly smoke demon
114210 | Zot:5    | HP: 2/164 [purple draconian shifter/bolt of dispelling
                  | energy[a yellow draconian annihilator] (25)]
114316 | Zot:5    | Noticed an ancient lich
114320 | Zot:5    | Killed an ancient lich
114321 | Zot:5    | Reached skill level 10 in Shields
114333 | Zot:5    | Noticed a dread lich
114335 | Zot:5    | Noticed an orb of fire
114341 | Zot:5    | Killed a dread lich
114341 | Zot:5    | XOM: scenery: create altars
114346 | Zot:5    | Killed an orb of fire
114347 | Zot:5    | Noticed an ancient lich
114350 | Zot:5    | Killed an ancient lich
114394 | Zot:5    | Noticed a Killer Klown
114404 | Zot:5    | Noticed a Killer Klown
114432 | Zot:5    | Killed a Killer Klown
114443 | Zot:5    | Killed a Killer Klown
114507 | Zot:5    | Noticed an orb of fire
114512 | Zot:5    | Killed an orb of fire
114635 | Zot:4    | XOM: scenery: create altars
115250 | Zot:4    | XOM: summons 3 hostile shadow creatures
115328 | Zot:3    | XOM: draining
116300 | Zot:3    | XOM: give mutations
116300 | Zot:3    | Gained mutation: You are dopey. (Int -2) [Xom's mischief]
116300 | Zot:3    | Lost mutation: You are strong-willed. (Will+) [Xom's
                  | mischief]
116300 | Zot:3    | Gained mutation: You occasionally lose the ability to read
                  | scrolls when taking damage. [Xom's mischief]
116623 | Zot:3    | XOM: give mutations
116623 | Zot:3    | Gained mutation: You sometimes lose the ability to read
                  | scrolls when taking damage. [Xom's mischief]
116623 | Zot:3    | Lost mutation: You have hidden genetic potential. [Xom's
                  | mischief]
116694 | Zot:3    | XOM: give mutation
116694 | Zot:3    | Lost mutation: You are dopey. (Int -2) [Xom's mischief]
116910 | Zot:3    | XOM: summons 14 hostile demons
117130 | Zot:3    | XOM: noise
117844 | Zot:3    | XOM: give mutation
117844 | Zot:3    | Lost mutation: You are partially covered in iridescent
                  | scales. (AC +2) [Xom's mischief]
117863 | Zot:3    | XOM: divination: detect items
117895 | Zot:3    | XOM: scenery: summon butterflies
117952 | Zot:3    | XOM: god gift: staff of poison
118374 | Zot:3    | XOM: give mutations
118374 | Zot:3    | Gained mutation: Your mind is acute. (Int +4, Str/Dex -1)
                  | [Xom's grace]
118374 | Zot:3    | Gained mutation: You are partially covered in iridescent
                  | scales. (AC +2) [Xom's grace]
118397 | Zot:3    | XOM is BORED!
118397 | Zot:3    | XOM: noise
118818 | Zot:3    | XOM: cloud trail
118820 | Zot:3    | XOM: give mutations
118820 | Zot:3    | Gained mutation: You are agile. (Dex +4, Str/Int -1) [Xom's
                  | grace]
118820 | Zot:3    | Gained mutation: You possess an exceptional clarity of
                  | mind. [Xom's grace]
118820 | Zot:3    | Gained mutation: You have a pair of small horns on your
                  | head. [Xom's grace]
119007 | Zot:3    | XOM: give mutations
119007 | Zot:3    | Gained mutation: You are covered in fur. (AC +1) [Xom's
                  | grace]
119007 | Zot:3    | Gained mutation: Your mind is very acute. (Int +8, Str/Dex
                  | -2) [Xom's grace]
119007 | Zot:3    | Gained mutation: You are mostly covered in iridescent
                  | scales. (AC +4) [Xom's grace]
119007 | Zot:3    | Gained mutation: You are very agile. (Dex +8, Str/Int -2)
                  | [Xom's grace]
119584 | Zot:3    | XOM: god gift: scroll of teleportation
119647 | Zot:3    | XOM: scenery: create altars
119842 | Zot:3    | XOM: give mutation
119842 | Zot:3    | Gained mutation: You have very sharp teeth. [Xom's grace]
120046 | Zot:3    | XOM is BORED!
120103 | Zot:3    | XOM: divination: magic mapping
120162 | Zot:3    | XOM: god gift: 36 gold pieces
120526 | Zot:3    | XOM: scenery: summon butterflies
120815 | Zot:3    | XOM is BORED!
120815 | Zot:3    | XOM: torment (96/158 hp)
121246 | Zot:3    | XOM: give mutations
121246 | Zot:3    | Gained mutation: Your spells are a little harder to cast,
                  | but a little more powerful. [Xom's grace]
121246 | Zot:3    | Gained mutation: You have sharp fingernails. [Xom's grace]
121246 | Zot:3    | Lost mutation: You are very frail. (-20% HP) [Xom's grace]
121246 | Zot:3    | Gained mutation: Your muscles are strong. (Str +4, Int/Dex
                  | -1) [Xom's grace]
121397 | Zot:3    | XOM: give mutation
121397 | Zot:3    | Gained mutation: You have very sharp fingernails. [Xom's
                  | grace]
122321 | Zot:3    | XOM: give mutations
122321 | Zot:3    | Gained mutation: Your spells are harder to cast, but more
                  | powerful. [Xom's grace]
122321 | Zot:3    | Lost mutation: You are frail. (-10% HP) [Xom's grace]
122321 | Zot:3    | Gained mutation: Your spells are much harder to cast, but
                  | much more powerful. [Xom's grace]
122321 | Zot:3    | Gained mutation: You are robust. (+10% HP) [Xom's grace]
122447 | Zot:5    | Noticed an orb of fire
122453 | Zot:5    | Killed an orb of fire
122463 | Zot:5    | XOM: noise
122465 | Zot:5    | Noticed an orb of fire
122477 | Zot:5    | Noticed an orb of fire
122480 | Zot:5    | Noticed an orb of fire
122480 | Zot:5    | XOM: 2-stop teleportation journey
122481 | Zot:5    | XOM: enchant monster (bad)
122484 | Zot:5    | Noticed a Killer Klown
122485 | Zot:5    | Killed an orb of fire
122492 | Zot:5    | Killed a Killer Klown
122493 | Zot:5    | Lost mutation: You are robust. (+10% HP) [an orb of fire]
122502 | Zot:5    | Killed an orb of fire
122541 | Zot:5    | Killed an orb of fire
122550 | Zot:5    | Noticed a Killer Klown
122557 | Zot:5    | Killed a Killer Klown
122679 | Zot:5    | XOM: torment (220/266 hp)
123019 | Pan      | Entered Pandemonium
123020 | Pan      | XOM: silly message
123022 | Pan      | XOM: noise
123031 | Pan      | Noticed Goboel the pandemonium lord
123033 | Pan      | Killed Goboel the pandemonium lord
123249 | Pan      | Got a demonic rune of Zot
123270 | Pan      | XOM: enchant monster (bad)
123286 | Pan      | Lost mutation: Your natural rate of healing is unusually
                  | fast. [a neqoxec]
123378 | Pan      | Found an exit through the horrors of the Abyss.
123413 | Pan      | XOM: silly message
123559 | Pan      | XOM: cloud trail
123573 | Pan      | XOM: noise
123718 | Pan      | Found an exit through the horrors of the Abyss.
123718 | Pan      | XOM: chaos upgrade
123728 | Pan      | XOM: chaos upgrade
123730 | Depths:2 | Escaped Pandemonium
123730 | Depths:2 | XOM: chaos cloud
123732 | Pan      | Entered the realm of Gloorx Vloq.
123732 | Pan      | Entered Pandemonium
123938 | Pan      | XOM: blink monster(s)
124129 | Pan      | XOM: summons 1 hostile demon
124292 | Pan      | XOM: give mutation
124292 | Pan      | Lost mutation: You sometimes lose the ability to read
                  | scrolls when taking damage. [Xom's mischief]
124320 | Pan      | XOM: 2-stop teleportation journey
124452 | Pan      | XOM: polymorph demonic crawler -> rakshasa
124488 | Pan      | XOM: summons 6 hostile demons
124594 | Pan      | Noticed Gloorx Vloq
124599 | Pan      | Killed Gloorx Vloq
124611 | Pan      | Got a dark rune of Zot
124689 | Pan      | XOM: potion effect (heal wounds)
124716 | Pan      | Entered the realm of Mnoleg.
124717 | Pan      | XOM: scenery: 3 doors open
124788 | Pan      | XOM: scenery: 3 doors close
124875 | Pan      | Found an exit through the horrors of the Abyss.
125042 | Pan      | Noticed Mnoleg
125048 | Pan      | XOM: confuse monster(s)
125052 | Pan      | Killed Mnoleg
125052 | Pan      | XOM: divination: magic mapping
125109 | Pan      | XOM: fog
125129 | Pan      | Got a glowing rune of Zot
125378 | Pan      | Noticed Ignacio
125383 | Pan      | Ignacio changed into Ignacio the Ice Fiend
125383 | Pan      | Noticed Ignacio
125383 | Pan      | XOM: polymorph Ignacio -> Ignacio the Ice Fiend
125386 | Pan      | Killed Ignacio the Ice Fiend
125439 | Pan      | Entered the realm of Cerebov.
125543 | Pan      | XOM: cleaving
125668 | Pan      | XOM: polymorph balrug -> reaper
125698 | Pan      | Found the +6 sword of Cerebov {flame}
125698 | Pan      | Noticed Cerebov
125730 | Pan      | XOM: fake destruction
125736 | Pan      | XOM: cast spell 'Summon Horrible Things'
125809 | Pan      | Killed Cerebov
125837 | Pan      | Got a fiery rune of Zot
125863 | Pan      | XOM: divination: detect creatures
125887 | Pan      | XOM: enchant monster (good)
125942 | Pan      | XOM: noise
126000 | Pan      | Identified the +1 robe of Zyocwyt {rCorr}
126014 | Pan      | Identified the +3 plate armour of Midwinter {Harm Will-
                  | rCorr}
126071 | Pan      | Identified the quicksilver dragon scales of Card Tricks
                  | {rC- rN+ Will+ Dex+2 Stlth+}
126076 | Pan      | Identified the +10 plate armour of the Arena {+Blink}
126246 | Pan      | Noticed Vapenweo the pandemonium lord
126262 | Pan      | Killed Vapenweo the pandemonium lord
126393 | Pan      | Found an exit through the horrors of the Abyss.
126395 | Pan      | Lost mutation: Your mind is very acute. (Int +8, Str/Dex
                  | -2) [a cacodemon]
126411 | Pan      | Reached skill level 15 in Shields
126448 | Pan      | Took an exit into the Abyss.
126448 | Abyss:3  | Escaped into the Abyss
126468 | Abyss:3  | XOM: summons 6 hostile demons
126475 | Depths:2 | Escaped the Abyss
126591 | Zig:1    | Entered Level 1 of a ziggurat
126603 | Zig:1    | Identified the +0 cloak "Bow Xuen" {Dex+3}
126609 | Zig:2    | Entered Level 2 of a ziggurat
126618 | Zig:2    | Identified the +0 tower shield of the Frog {Int+4}
126632 | Zig:3    | Entered Level 3 of a ziggurat
126656 | Zig:4    | Entered Level 4 of a ziggurat
126680 | Zig:5    | Entered Level 5 of a ziggurat
126680 | Zig:5    | XOM: 1-stop teleportation journey
126711 | Zig:5    | Identified the +1 robe "Lixepp" {rPois Will+}
126721 | Zig:6    | XOM: stealth player
126721 | Zig:6    | Entered Level 6 of a ziggurat
126735 | Zig:6    | Identified the ring "Vuegry" {Fly rElec rF+}
126746 | Zig:7    | Entered Level 7 of a ziggurat
126795 | Zig:8    | Entered Level 8 of a ziggurat
126803 | Zig:8    | Noticed Vecow the pandemonium lord
126808 | Zig:8    | Killed Vecow the pandemonium lord
126913 | Zig:9    | Entered Level 9 of a ziggurat
126920 | Zig:9    | XOM: enchant monster (bad)
126940 | Zig:9    | Identified the +2 robe of the First Ears {Rampage rC- Str+7
                  | Archmagi}
126949 | Zig:10   | Entered Level 10 of a ziggurat
126960 | Zig:10   | Noticed Daece the pandemonium lord
126963 | Zig:10   | Lost mutation: You are very agile. (Dex +8, Str/Int -2) [a
                  | cacodemon]
126964 | Zig:10   | XOM: scenery: summon butterflies
126967 | Zig:10   | Killed Daece the pandemonium lord
127003 | Zig:11   | Entered Level 11 of a ziggurat
127017 | Zig:11   | XOM: enchant monster (bad)
127023 | Zig:11   | Found the +8 demon trident "Rift" {distort, reach+}
127031 | Zig:11   | Identified the +0 ring mail of the Shrike {Str+3}
127036 | Zig:11   | Acquired a +2 vampiric quick blade
127065 | Zig:12   | Entered Level 12 of a ziggurat
127106 | Zig:13   | Entered Level 13 of a ziggurat
127124 | Zig:13   | XOM: enchant monster (bad)
127161 | Zig:13   | Identified the ring of Hutitt {Fly rElec Dex+3}
127546 | D:12     | XOM: give mutations
127546 | D:12     | Gained mutation: You passively map a small area around you.
                  | [Xom's grace]
127546 | D:12     | Gained mutation: You are robust. (+10% HP) [Xom's grace]
127546 | D:12     | Gained mutation: You passively map the area around you.
                  | [Xom's grace]
127552 | D:12     | XOM: god gift: wand of charming (6)
127691 | Pan      | Entered the realm of Lom Lobon.
127691 | Pan      | Entered Pandemonium
127749 | Pan      | Found an exit through the horrors of the Abyss.
127925 | Pan      | XOM: give mutations
127925 | Pan      | Gained mutation: Your mind is very acute. (Int +8, Str/Dex
                  | -2) [Xom's grace]
127925 | Pan      | Gained mutation: Your muscles are very strong. (Str +8,
                  | Int/Dex -2) [Xom's grace]
127925 | Pan      | Gained mutation: Your flesh is almost immune to the effects
                  | of heat. (rF+++) [Xom's grace]
127932 | Pan      | XOM: fog
127940 | Pan      | XOM: potion effect (curing)
128062 | Pan      | XOM: polymorph yellow draconian annihilator -> fire giant
128097 | Pan      | Noticed Lom Lobon
128099 | Pan      | XOM: 2-stop teleportation journey
128130 | Pan      | Killed Lom Lobon
128135 | Pan      | XOM: polymorph titan -> iron dragon
128147 | Pan      | Got a magical rune of Zot
128300 | Pan      | Took an exit into the Abyss.
128300 | Abyss:3  | Escaped into the Abyss
128300 | Abyss:3  | Found a corrupted altar of Lugonu.
128305 | Abyss:3  | Found a corrupted altar of Lugonu.
128308 | Depths:2 | Escaped the Abyss
128337 | Hell     | Entered the Vestibule of Hell
128337 | Hell     | Noticed Geryon
128419 | Hell     | Killed Geryon
128471 | Hell     | Found a gateway to the ashen valley of Gehenna.
128476 | Hell     | XOM: summons friendly iron imp
128508 | Hell     | Found a gateway to the Iron City of Dis.
128542 | Dis:1    | Entered Level 1 of the Iron City of Dis
128711 | Dis:4    | You are sucked into a shaft and drop 2 floors!
128778 | Dis:6    | XOM: 4-stop teleportation journey
128810 | Dis:6    | XOM: give mutation
128810 | Dis:6    | Gained mutation: You are completely covered in iridescent
                  | scales. (AC +6) [Xom's grace]
128913 | Dis:7    | Entered Level 7 of the Iron City of Dis
128996 | Dis:7    | Noticed the Serpent of Hell
128998 | Dis:7    | XOM: enchant monster (good)
129002 | Dis:7    | Killed the Serpent of Hell
129003 | Dis:7    | Reached skill level 1 in Invocations
129009 | Dis:7    | XOM: 2-stop teleportation journey
129121 | Dis:7    | Noticed a juggernaut
129125 | Dis:7    | Killed a juggernaut
129232 | Dis:7    | Found the +4 staff of Dispater
129232 | Dis:7    | Noticed Dispater
129232 | Dis:7    | Noticed a juggernaut
129235 | Dis:7    | Killed a juggernaut
129236 | Dis:7    | Reached skill level 5 in Invocations
129236 | Dis:7    | XOM: confuse monster(s)
129239 | Dis:7    | Killed Dispater
129247 | Dis:7    | Got an iron rune of Zot
129248 | Dis:7    | Identified the ring "Geuceasi" {*Corrode rPois Str+6 Int-5
                  | Dex+6}
129360 | Hell     | XOM: give mutations
129360 | Hell     | Gained mutation: You have supernaturally acute eyesight.
                  | (SInv) [Xom's grace]
129360 | Hell     | Gained mutation: You have hidden genetic potential. [Xom's
                  | grace]
129360 | Hell     | Gained mutation: You are very agile. (Dex +8, Str/Int -2)
                  | [Xom's grace]
129360 | Hell     | Lost mutation: You have hidden genetic potential. [Xom's
                  | grace]
129360 | Hell     | Gained mutation: You are somewhat resistant to further
                  | mutation. [Xom's grace]
129385 | Hell     | Found a gateway to the decaying netherworld of Tartarus.
129395 | Tar:1    | Entered Level 1 of Tartarus
129395 | Tar:1    | Noticed a dread lich
129397 | Tar:1    | Killed a dread lich
129596 | Tar:2    | XOM: give mutations
129596 | Tar:2    | Gained mutation: You are strong-willed. (Will+) [Xom's
                  | grace]
129596 | Tar:2    | Gained mutation: You have a pair of horns on your head.
                  | [Xom's grace]
129659 | Tar:4    | XOM: destruction
129663 | Tar:4    | Reached skill level 10 in Invocations
129703 | Tar:4    | XOM: summons 6 hostile demons
129917 | Tar:6    | XOM: noise
129931 | Tar:7    | Entered Level 7 of Tartarus
129959 | Tar:7    | XOM: give mutations
129959 | Tar:7    | Lost mutation: Your mind is very acute. (Int +8, Str/Dex
                  | -2) [Xom's mischief]
129959 | Tar:7    | Lost mutation: You are strong-willed. (Will+) [Xom's
                  | mischief]
129959 | Tar:7    | Lost mutation: Your muscles are very strong. (Str +8,
                  | Int/Dex -2) [Xom's mischief]
129959 | Tar:7    | Lost mutation: You expend health (3 HP) to strengthen your
                  | wands. [Xom's mischief]
129969 | Tar:7    | Noticed an ancient lich
129973 | Tar:7    | XOM: summons friendly hellwing
129975 | Tar:7    | Killed an ancient lich
129979 | Tar:7    | Noticed a dread lich
129984 | Tar:7    | Killed a dread lich
129987 | Tar:7    | Noticed a dread lich
129992 | Tar:7    | Killed a dread lich
130002 | Tar:7    | XOM: noise
130144 | Tar:7    | Noticed Ereshkigal
130150 | Tar:7    | Got a bone rune of Zot
130172 | Tar:7    | Paralysed by Ereshkigal for 3 turns
130184 | Tar:7    | Killed Ereshkigal
130250 | Hell     | XOM: silly message
130256 | Hell     | Found a gateway to the freezing wastes of Cocytus.
130281 | Coc:1    | Entered Level 1 of Cocytus
130283 | Coc:1    | Reached skill level 15 in Invocations
130284 | Coc:1    | XOM: polymorph Ice Fiend -> Brimstone Fiend
130436 | Coc:3    | XOM: polymorph shadow demon -> blizzard demon
130440 | Coc:3    | XOM: smoke on damage
130475 | Coc:3    | Paralysed by a wendigo for 1 turns
130608 | Coc:4    | XOM: give mutation
130608 | Coc:4    | Gained mutation: You expend health (3 HP) to strengthen
                  | your wands. [Xom's grace]
130662 | Coc:4    | Noticed a shard shrike
130662 | Coc:4    | XOM: summons friendly ufetubus
130663 | Coc:4    | Noticed a shard shrike
130663 | Coc:4    | Noticed a shard shrike
130667 | Coc:4    | Killed a shard shrike
130668 | Coc:4    | Killed a shard shrike
130670 | Coc:4    | Killed a shard shrike
130733 | Coc:4    | XOM: god gift: amulet of reflection
130820 | Coc:4    | XOM: 5-stop teleportation journey
130843 | Coc:5    | Noticed a shard shrike
130845 | Coc:5    | Noticed a shard shrike
130845 | Coc:5    | Noticed a shard shrike
130845 | Coc:5    | Noticed a shard shrike
130849 | Coc:6    | XOM: god gift: wand of digging (6)
130929 | Coc:7    | Entered Level 7 of Cocytus
130971 | Coc:7    | XOM: scenery: summon butterflies
130995 | Coc:7    | XOM: 8-stop teleportation journey
131078 | Coc:7    | Paralysed by a wendigo for 1 turns
131089 | Coc:7    | XOM: polymorph large abomination -> large abomination
131164 | Coc:7    | XOM: destruction
131174 | Coc:7    | XOM: fake destruction
131653 | Coc:7    | XOM: scenery: summon butterflies
131656 | Coc:7    | Noticed Antaeus
131664 | Coc:7    | Killed Antaeus
131681 | Coc:7    | Got an icy rune of Zot
131704 | Coc:7    | XOM: summons 3 hostile demons
131783 | Geh:1    | Entered Level 1 of Gehenna
132000 | Geh:1    | XOM: 2-stop teleportation journey
132074 | Geh:3    | XOM: fog
132207 | Geh:6    | Noticed an ancient lich
132209 | Geh:6    | Killed an ancient lich
132221 | Geh:7    | Entered Level 7 of Gehenna
132318 | Geh:7    | XOM: summons friendly white imp
132387 | Geh:7    | XOM: smoke on damage
132393 | Geh:7    | XOM: noise
132407 | Geh:7    | XOM: 7-stop teleportation journey
132468 | Geh:7    | XOM: 2-stop teleportation journey
132568 | Geh:7    | XOM: enchant monster (bad)
132602 | Geh:7    | XOM: cleaving
132697 | Geh:7    | XOM: swap monsters
132738 | Geh:7    | XOM: god gift: Ereshkigal's Grimoire of Bones {god gift}
132740 | Geh:7    | Got Ereshkigal's Grimoire of Bones {god gift}
132752 | Geh:7    | XOM: 4-stop teleportation journey
132763 | Geh:7    | XOM: 5-stop teleportation journey
132841 | Geh:7    | Found the +7 sceptre of Asmodeus
132841 | Geh:7    | Noticed Asmodeus
132844 | Geh:7    | XOM: 4-stop teleportation journey
132951 | Geh:7    | Killed Asmodeus
132956 | Geh:7    | Got an obsidian rune of Zot
133299 | Tomb:1   | Entered Level 1 of the Tomb of the Ancients
133418 | Tomb:1   | XOM: give mutations
133418 | Tomb:1   | Lost mutation: Your flesh is almost immune to the effects
                  | of heat. (rF+++) [Xom's mischief]
133418 | Tomb:1   | Lost mutation: You are somewhat resistant to further
                  | mutation. [Xom's mischief]
133418 | Tomb:1   | Lost mutation: You passively map the area around you.
                  | [Xom's mischief]
133426 | Tomb:1   | XOM: enchant monster (bad)
133435 | Tomb:1   | XOM: polymorph sphinx -> shadow dragon
133533 | Tomb:1   | XOM: silly message
133570 | Tomb:1   | Noticed a royal mummy
133774 | Tomb:1   | Noticed a royal mummy
133774 | Tomb:1   | Noticed a royal mummy
133778 | Tomb:1   | Killed a royal mummy
133779 | Tomb:1   | Killed a royal mummy
133821 | Tomb:1   | Killed a royal mummy
133854 | Tomb:1   | XOM: summons 4 friendly demons
133924 | Tomb:1   | XOM: god gift: falchion {god gift}
134071 | Tomb:1   | XOM: 2-stop teleportation journey
134080 | Tomb:1   | Noticed a royal mummy
134085 | Tomb:1   | Noticed a royal mummy
134087 | Tomb:1   | Killed a royal mummy
134087 | Tomb:1   | Killed a royal mummy
134127 | Tomb:1   | Noticed a royal mummy
134133 | Tomb:1   | Killed a royal mummy
134134 | Tomb:1   | Noticed a royal mummy
134137 | Tomb:1   | Killed a royal mummy
134143 | Tomb:1   | XOM: give mutation
134143 | Tomb:1   | Gained mutation: You have a somewhat thin skeletal
                  | structure. (Dex +2, Stealth+) [Xom's grace]
134296 | Tomb:1   | Noticed a royal mummy
134297 | Tomb:1   | XOM: confuse monster(s)
134299 | Tomb:1   | Noticed a royal mummy
134300 | Tomb:1   | Killed a royal mummy
134304 | Tomb:1   | Killed a royal mummy
134354 | Tomb:1   | Noticed a royal mummy
134357 | Tomb:1   | Killed a royal mummy
134385 | Tomb:1   | Noticed a royal mummy
134402 | Tomb:1   | Killed a royal mummy
134438 | Tomb:1   | Noticed a royal mummy
134442 | Tomb:1   | Killed a royal mummy
134447 | Tomb:1   | Noticed a royal mummy
134449 | Tomb:1   | Killed a royal mummy
134541 | Tomb:1   | Noticed a royal mummy
134546 | Tomb:1   | Killed a royal mummy
134547 | Tomb:1   | Noticed a royal mummy
134548 | Tomb:1   | XOM: destruction
134549 | Tomb:1   | Noticed a royal mummy
134551 | Tomb:1   | Killed a royal mummy
134552 | Tomb:1   | Noticed a royal mummy
134552 | Tomb:1   | Noticed a royal mummy
134552 | Tomb:1   | Killed a royal mummy
134554 | Tomb:1   | Killed a royal mummy
134554 | Tomb:1   | Killed a royal mummy
134621 | Tomb:1   | Identified the ring "Jorryti" {+Blink SInv}
134621 | Tomb:1   | Noticed a royal mummy
134626 | Tomb:1   | Killed a royal mummy
134642 | Tomb:1   | Noticed a royal mummy
134649 | Tomb:1   | XOM: summons 8 friendly demons
134650 | Tomb:1   | Killed a royal mummy
134710 | Tomb:1   | Noticed a royal mummy
134713 | Tomb:1   | Killed a royal mummy
134713 | Tomb:1   | Noticed a royal mummy
134715 | Tomb:1   | Killed a royal mummy
134956 | Tomb:1   | Noticed a royal mummy
134959 | Tomb:1   | XOM: noise
134962 | Tomb:1   | Killed a royal mummy
134993 | Tomb:2   | Noticed a royal mummy
134997 | Tomb:2   | Noticed a royal mummy
135066 | Tomb:1   | XOM: noise
135117 | Tomb:2   | XOM: smoke on damage
135166 | Tomb:2   | Identified the +1 whip of Excruciating Pain {flame, Will+
                  | Dex+3}
135232 | Tomb:2   | XOM: scenery: 1 doors close
135277 | Tomb:2   | Noticed a royal mummy
135282 | Tomb:2   | Reached skill level 27 in Invocations
135284 | Tomb:2   | Killed a royal mummy
135284 | Tomb:2   | Killed a royal mummy
135284 | Tomb:2   | Noticed a royal mummy
135285 | Tomb:2   | Killed a royal mummy
135285 | Tomb:2   | Killed a royal mummy
135286 | Tomb:2   | Reached skill level 27 in Spellcasting
135681 | Tomb:3   | Entered Level 3 of the Tomb of the Ancients
135692 | Tomb:3   | Noticed a royal mummy
135803 | Tomb:3   | Noticed a royal mummy
135805 | Tomb:3   | XOM: enchant monster (good)
135808 | Tomb:3   | XOM: destruction
135809 | Tomb:3   | Killed a royal mummy
135811 | Tomb:3   | Killed a royal mummy
135812 | Tomb:3   | Noticed a royal mummy
135812 | Tomb:3   | Noticed a royal mummy
135813 | Tomb:3   | XOM: silly message
135813 | Tomb:3   | Noticed a royal mummy
135814 | Tomb:3   | Killed a royal mummy
135815 | Tomb:3   | Killed a royal mummy
135816 | Tomb:3   | Killed a royal mummy
135817 | Tomb:3   | Noticed a royal mummy
135908 | Tomb:3   | Killed a royal mummy
135910 | Tomb:3   | Killed a royal mummy
135914 | Tomb:3   | Noticed a royal mummy
135918 | Tomb:3   | Killed a royal mummy
136046 | Tomb:3   | Identified the +6 ring mail of Voracious Leaves {Rampage
                  | rPois rC- Str-4}
136164 | Tomb:3   | Identified the ring of Seabb {+Blink Will+}
136171 | Tomb:3   | Identified the +3 halberd of Pride {heavy, Contam *Rage
                  | rElec rC+++}
136179 | Tomb:3   | Identified the +5 shortbow of Iqojo {freeze, Fragile rPois
                  | rC+}
136300 | Tomb:3   | Got a golden rune of Zot
136955 | Zot:5    | XOM: give mutations
136955 | Zot:5    | Lost mutation: You occasionally lose the ability to read
                  | scrolls when taking damage. [Xom's mischief]
136955 | Zot:5    | Lost mutation: You are very agile. (Dex +8, Str/Int -2)
                  | [Xom's mischief]
136955 | Zot:5    | Lost mutation: You passively map a small area around you.
                  | [Xom's mischief]
136955 | Zot:5    | Lost mutation: You are resistant to electric shocks.
                  | (rElec) [Xom's mischief]
136956 | Zot:5    | Got the Orb of Zot
137475 | D:$      | Escaped with the Orb!

Illustrated notes

Levels and vault maps discovered:
D:1:      lightli_arrival_lavapool, layout_loops_cross
D:2:      layout_loops_cross, hellmonk_ecumenical_altar_defaced_shrine,
          uniq_sigmund
D:3:      layout_loops_cross, serial_shops, nicolae_lakefront_shop,
          minmay_misc_feat_cross, kennysheep_big_empty_room
D:4:      layout_loops_ring, serial_aquarium, aquarium_bridge_island_small
          [aquarium_subvault_small_open, aquarium_subvault_bridge,
          aquarium_subvault_balcony, aquarium_subvault_wall,
          aquarium_subvault_window], aquarium_window_corridor_2,
          aquarium_window_1, aquarium_view_2d, aquarium_view_2c,
          aquarium_balcony_5a, minmay_misc_feat_four_crosses,
          hangedman_abyss_or_decor_stabs, roderic_lattice_a, uniq_duvessa,
          uniq_natasha
D:5:      layout_basic, mainiacjoe_overflow_small_starburst
D:6:      minmay_angry_zag, layout_loops_ring, grunt_qazlal_clouds,
          nrook_pool_corridor
D:7:      layout_rooms, nicolae_wu_jian_wuxing_cycle,
          minmay_temple_entry_antechambers, serial_shops, shop_statue,
          nicolae_shop_bloodbath_and_beyond
D:8:      layout_layer_cave, minmay_misc_feat_five, minmay_fountain_box,
          uniq_joseph
D:9:      layout_loops_ring
D:10:     layout_loops_cross, nemelex_spade_bored_becter, lair_entry_dummy,
          orc_0_dummy, st_stairs_10, minmay_shop_mayhem, uniq_maggie,
          uniq_fannar
D:11:     layout_loops_ring, led_xom_imps
D:12:     layout_loops_cross, enter_trove_1, gammafunk_ghost_nasty_kobolds,
          minivault_23, uniq_erolcha
D:13:     layout_loops_ring, erik_vaults_2, uniq_urug
D:14:     layout_basic, uniq_josephine
D:15:     gammafunk_enter_depths_forms, layout_cave_pools,
          nicolae_ru_sacrificial_ziggurat, portal_ice_cave_entry_pillars_three
Lair:1:   layout_small_grid, cheibrodos_lair_lostbears
Lair:2:   nzn_winding_woodlands_medium [nzn_winding_woodlands_5x5_perimeter,
          nzn_winding_woodlands_5x15_pool, nzn_winding_woodlands_5x5_default,
          nzn_winding_woodlands_5x5_cross,
          nzn_winding_woodlands_center_triple_pond,
          nzn_winding_woodlands_5x5_closed_star,
          nzn_winding_woodlands_5x5_open_star,
          nzn_winding_woodlands_5x15_longhouse,
          nzn_winding_woodlands_hourglass], layout_regular_city,
          minmay_swamp_entry_swarm, gauntlet_entry_generic
Lair:3:   layout_loops_ring, dummy_spider_entry, serial_bayou_shore_a
Lair:4:   layout_roguey, serial_bayou_shore_b, grunt_megastairs_5
Lair:5:   cheibrodos_lair_end_hotspot, layout_layer_cave, slime_entry_1
Swamp:1:  layout_basic_swamp, evilmike_swamp_ruin_house_5, swamp_pool1,
          infiniplex_staircase_pool
Swamp:2:  layout_basic_swamp, hangedman_swamp_ruin_wall, swamp_pool1,
          infiniplex_staircase_pool_2
Swamp:3:  layout_basic_swamp, evilmike_swamp_ruin_rubble_1, swamp_pool1,
          nicolae_swamp_godswood
Swamp:4:  swamp_pestilence, layout_basic_swamp
Spider:1: layout_cave_pods, hangedman_spider_tarantella_strand
Spider:2: layout_cave_pods, uniq_roxanne
Spider:3: layout_chambers
Spider:4: spider_rune_water
Slime:1:  layout_caves
Slime:2:  layout_caves, special_room [special_room_jelly]
Slime:3:  layout_caves
Slime:4:  layout_caves, uniq_dissolution
Slime:5
Orc:1:    layout_caves
Orc:2:    grunt_orc_community_town_hall, layout_caves,
          grunt_orc_community_big_house_1, grunt_orc_community_big_house_1,
          grunt_orc_community_house_3, grunt_orc_community_house_1,
          grunt_orc_community_house_2, grunt_orc_community_house_3,
          grunt_orc_community_house_1, nicolae_orc_bridge_out
Elf:1:    eino_elf_arrival_shootout, layout_gridlike, serial_shops,
          nicolae_shop_stone, minmay_elf_crystal_hexagon, uniq_kirke
Elf:2:    nicolae_elf_blades_crystal_corner, layout_geoelf_octagon,
          serial_shops, nicolae_shop_overgrown_old_shop
Elf:3:    minmay_elf_hall_hex, layout_geoelf_grid, serial_glass,
          glass_columns_b, glass_columns_a
Vaults:1: nicolae_vaults_network_s, v_misc_24,
          hangedman_vaults_stretched_pinwheel, hangedman_vaults_stagger,
          grunt_vaults_diagonal, v_misc_1, vaults_room_pool,
          ontoclasm_vaults_spin, nicolae_vaults_sealed_display,
          hangedman_vaults_stretched_pinwheel, grunt_vaults_funnel,
          ontoclasm_vaults_fault, vaults_room_semicircle,
          nicolae_vaults_display_case, nicolae_vaults_rhombus_7,
          layout_vaults_omnicross
Vaults:2: v_misc_26, hangedman_vaults_capsules, ontoclasm_vaults_chip,
          v_misc_27, ontoclasm_vaults_decontamination,
          minmay_crypt_entry_simple_box, layout_vaults_chaotic_city, uniq_xtahua
Vaults:3: vaults_dpeg_ring, nicolae_vaults_fighting_squares,
          nicolae_vaults_bisected_slash, vaults_room_pool, v_misc_5,
          hangedman_vaults_trim, nicolae_vaults_ninety_degrees, v_misc_15,
          nicolae_vaults_specimen_jars, ontoclasm_vaults_ring_small,
          vaults_room_fancy_cross, v_misc_18, vaults_dpeg_diagonal,
          layout_vaults_ring, serial_shops, shop, uniq_asterion, uniq_bai_suzhen
Vaults:4: ontoclasm_vaults_tryst, nicolae_vaults_inception_corners,
          nicolae_vaults_little_squares_2, vaults_room_stairs_pillars,
          ontoclasm_vaults_gateway, v_misc_24, layout_vaults_omnigrid
Vaults:5: uniq_sojobo, uniq_jory
Crypt:1:  layout_misc_corridors, grunt_crypt_arrival_split,
          roderic_lattice_octagonal_star, uniq_boris, uniq_mennas
Crypt:2:  layout_misc_corridors, basic_altar
Crypt:3:  due_elkab, layout_chaotic_city, grunt_ministairs_12, uniq_frederick
Tomb:1
Tomb:2
Tomb:3
Depths:1: layout_long_grid, serial_shops, nicolae_shop_trees, minivault_11,
          grunt_hell_entry_demonic_statue, zin_treasury, uniq_mara,
          uniq_saint_roka
Depths:2: regret_index_dithmenos_brocken_genspenst, layout_twisted_cross,
          hellmouth_3, nicolae_elevator_lobby_asterisk, rand_demon_pan_entry_7
Depths:3: minmay_inside_and_out, layout_gridlike, enter_ziggurat_e,
          minmay_door_square, hell_entry, minmay_room_of_horrors,
          grunt_decor_resistance, infiniplex_staircase_zigzag_3
Depths:4: grunt_crosshair, layout_cave_shapes, pf_dread_powers_of_hell,
          serial_shops, nicolae_shop_competitors_out_of_business,
          nicolae_shop_crystal, shop, nicolae_diamond_shop,
          nicolae_shop_competitors_out_of_business, nicolae_gozag_seed_capital
Hell
Dis:1:    layout_overlapping_boxes
Dis:2:    layout_subdivisions
Dis:3:    layout_jigsaw
Dis:4:    layout_regular_city
Dis:6:    layout_overlapping_boxes, nicolae_dis_having_a_grate_time
Dis:7:    dis_st
Geh:1:    layout_gehenna_lava_caves
Geh:2:    layout_gehenna_pools_box
Geh:3:    layout_gehenna_lava_caves
Geh:4:    layout_gehenna_pools_triple
Geh:5:    layout_gehenna_lava_caves
Geh:6:    layout_gehenna_lava_caves
Geh:7:    geh_hangedman
Coc:1:    layout_cocytus_water_paths
Coc:2:    layout_cocytus_delve
Coc:3:    nicolae_hells_demon_pit, layout_cocytus_delve
Coc:4:    nicolae_coc_on_the_berg
Coc:5:    layout_cocytus_water_paths
Coc:6:    nooodl_cocytus_jagged_cave
Coc:7:    coc_dpeg
Tar:1:    layout_catacombs, nicolae_tar_cuneiform_city,
          nicolae_tar_cuneiform_three, nicolae_tar_honey_chapel
Tar:2:    layout_grid_maze
Tar:3:    layout_honeycomb
Tar:4:    layout_honeycomb
Tar:5:    layout_honeycomb
Tar:6:    layout_honeycomb, lemuel_nasty_fountain
Tar:7:    tar_old
Zot:1:    hellmonk_paralyzer, layout_misc_corridors, grunt_ministairs_2, uniq_vv
Zot:2:    hangedman_snap_crack_crunch, layout_cathedral_of_symmetry
Zot:3:    layout_misc_corridors, nicolae_transporter_intersection
Zot:4:    nicolae_moth_party, layout_misc_corridors
Zot:5:    layout_basic, st_stairs_9

Skill      XL: |  1  2  3  4  5  6  7  8  9 10 11 12 13 14 15 16 17 18 19 20 21 22 23 24 25 26 27 |
---------------+----------------------------------------------------------------------------------+-----
Stealth        | 1 2 4 8 12 | 12.7
Spellcasting   | 1 2 4 6 9 10 11 13 15 17 19 20 27 | 27.0
Shields        | 1 3 4 20 | 20.0
Evocations     | 2 4 6 8 10 11 16 18 | 18.0
Fighting       | 6 10 12 15 16 19 20 26 | 26.6
Short Blades   | 3 8 |  8.7
Dodging        | 5 12 17 21 | 21.0
Armour         | 2 6 8 9 |  9.9
Invocations    | 27 | 27.0
Long Blades    | |  2.6

Action                     |  1- 3 |  4- 6 |  7- 9 | 10-12 | 13-15 | 16-18 | 19-21 | 22-24 | 25-27 || total
---------------------------+-------+-------+-------+-------+-------+-------+-------+-------+-------++-------
  Melee: Falchion          |    46 |       |       |       |       |       |       |       |       ||    46
         Punch             |     1 |       |       |       |       |       |       |       |     2 ||     3
         Great sword       |    51 |    21 |       |       |       |       |       |       |       ||    72
         Short sword       |       |    48 |   153 |       |       |       |       |       |       ||   201
         Headbutt          |       |     9 |    28 |       |       |       |       |       |    87 ||   124
         Pair of quick bla |       |       |    17 |   427 |   180 |   749 |   633 |  1319 |  1616 ||  4941
         Staff             |       |       |       |       |    12 |     4 |       |       |    84 ||   100
         Bite              |       |       |       |       |       |       |       |       |    50 ||    50
         Quick blade       |       |       |       |       |       |       |       |       |    32 ||    32
  Throw: Dart              |       |       |       |     8 |     1 |       |       |       |     1 ||    10
         Throwing net      |       |       |       |       |     1 |       |       |       |       ||     1
   Cast: Slow              |       |       |    40 |     4 |       |       |       |       |       ||    44
         Call Imp          |       |       |     9 |     2 |       |       |       |       |       ||    11
         Vampiric Draining |       |       |    30 |    19 |     3 |       |       |       |     2 ||    54
         Irradiate         |       |       |       |    12 |    52 |    38 |    14 |    27 |    82 ||   225
         Vhi's Electric Ch |       |       |       |     5 |       |       |       |       |       ||     5
         Fireball          |       |       |       |       |   279 |    88 |   100 |       |       ||   467
         Iron Shot         |       |       |       |       |    31 |    49 |    20 |    50 |    49 ||   199
         Statue Form       |       |       |       |       |       |    46 |    12 |    40 |   159 ||   257
         Spellforged Servi |       |       |       |       |       |       |    32 |    44 |   217 ||   293
         Lehudib's Crystal |       |       |       |       |       |       |       |     1 |   499 ||   500
         Disjunction       |       |       |       |       |       |       |       |     1 |     3 ||     4
         Summon Horrible T |       |       |       |       |       |       |       |       |    67 ||    67
         Shatter           |       |       |       |       |       |       |       |       |   352 ||   352
Ability: End Transformatio |       |       |       |       |       |       |     4 |       |    12 ||    16
         Evoke Blink       |       |       |       |       |       |       |     1 |       |     1 ||     2
  Evoke: Piece from Xom's  |     2 |       |       |       |       |       |       |       |       ||     2
         Wand              |       |    14 |    18 |     3 |     1 |       |       |       |    26 ||    62
         Box of beasts     |       |       |     1 |       |       |       |       |       |       ||     1
         Phial of floods   |       |       |       |     1 |     1 |       |       |       |       ||     2
         Lightning rod     |       |       |       |       |       |     3 |       |       |       ||     3
         Condenser vane    |       |       |       |       |       |     2 |     5 |     4 |     5 ||    16
         Phantom mirror    |       |       |       |       |       |       |     1 |     1 |       ||     2
         Tin of tremorston |       |       |       |       |       |       |       |       |     4 ||     4
    Use: Scroll            |     5 |     5 |     9 |    16 |     3 |     4 |     2 |     1 |    47 ||    92
         Potion            |       |     2 |     6 |     6 |       |       |       |     2 |    28 ||    44
   Stab: Sleeping          |     2 |     9 |     2 |     5 |     2 |     9 |    23 |     7 |    20 ||    79
         Distracted        |     1 |     1 |       |       |     4 |     3 |     2 |    12 |    19 ||    42
         Petrified         |     2 |       |       |       |       |       |       |       |       ||     2
         Confused          |       |       |       |     1 |     2 |     3 |     7 |    19 |     7 ||    39
         Paralysed         |       |       |       |       |       |     3 |       |       |     1 ||     4
         Invisible         |       |       |       |       |       |     3 |     4 |       |    25 ||    32
         Petrifying        |       |       |       |       |       |       |       |     2 |       ||     2
 Armour: Leather armour    |    47 |    14 |    30 |       |       |       |       |       |       ||    91
         Robe              |       |       |    11 |    71 |       |       |       |       |       ||    82
         Skin              |       |       |       |    27 |       |   302 |    57 |   208 |   545 ||  1139
         Troll leather arm |       |       |       |    55 |    54 |    42 |    71 |   100 |   178 ||   500
  Dodge: Dodged            |    78 |    37 |   101 |   180 |    81 |   562 |   266 |   589 |  2448 ||  4342
  Block: Buckler           |       |    12 |    51 |       |       |       |       |       |       ||    63
         Other             |       |       |       |    11 |    27 |   209 |    89 |   164 |   120 ||   620
         Tower shield      |       |       |       |       |       |       |       |       |   654 ||   654

Table legend: (Time is in decaauts)
 A = Elapsed time spent in this place.
 B = Non-inter-level travel time spent in this place.
 C = Inter-level travel time spent in this place.
 D = Time resting spent in this place.
 E = Time spent auto-exploring this place.
 F = Levels seen in this place.
 G = Mean time per level.
                   A        B        C        D        E       F      G
               +--------+--------+--------+--------+--------+-----+--------+
         Total | 140862 | 132214 |   8648 |  73149 |  37197 | 120 | 1173.8 |
       Dungeon |  45575 |  42568 |   3007 |  30481 |   9249 |  15 | 3038.3 |
          Lair |   5397 |   4739 |    658 |    114 |   3799 |   5 | 1079.4 |
         Swamp |   2664 |   2484 |    180 |     75 |   1819 |   4 |  666.0 |
   Spider Nest |   4349 |   3973 |    376 |      3 |   3162 |   4 | 1087.2 |
    Slime Pits |    884 |    819 |     65 |      7 |    495 |   5 |  176.8 |
  Orcish Mines |   1316 |   1217 |     99 |      0 |    967 |   2 |  658.0 |
   Elven Halls |   2920 |   2696 |    224 |     34 |   1884 |   3 |  973.3 |
        Vaults |  28337 |  27131 |   1206 |  21026 |   4532 |   5 | 5667.4 |
         Crypt |   3658 |   2888 |    770 |     40 |   1977 |   3 | 1219.3 |
          Tomb |   3964 |   3728 |    236 |    867 |   1585 |   3 | 1321.3 |
        Depths |  11676 |  10825 |    851 |   6643 |   3104 |   4 | 2919.0 |
          Hell |    378 |    308 |     70 |     25 |      0 |   1 |  378.0 |
           Dis |   1048 |   1048 |      0 |    328 |      0 |   6 |  174.7 |
       Gehenna |   1485 |   1425 |     60 |    511 |      0 |   7 |  212.1 |
       Cocytus |   1691 |   1673 |     18 |    537 |      0 |   7 |  241.6 |
      Tartarus |   1124 |   1105 |     19 |    276 |      0 |   7 |  160.6 |
           Zot |  13293 |  12491 |    802 |   7803 |   3258 |   5 | 2658.6 |
         Abyss |    269 |    269 |      0 |      0 |      0 |   5 |   53.8 |
   Pandemonium |   4892 |   4892 |      0 |    381 |    752 |  14 |  349.4 |
      Ziggurat |    844 |    844 |      0 |    119 |      0 |  13 |   64.9 |
      Ice Cave |    647 |    647 |      0 |     36 |    286 |   1 |  647.0 |
      Gauntlet |   4441 |   4441 |      0 |   3838 |    327 |   1 | 4441.0 |
               +--------+--------+--------+--------+--------+-----+--------+

Top non-repeatable levels by time:
Vaults:1: 22402 daAuts
     D:6: 9472 daAuts
     D:9: 8146 daAuts
   Zot:3: 7763 daAuts
Depths:3: 7657 daAuts
    D:10: 6456 daAuts
    D:13: 5573 daAuts
Gauntlet: 4441 daAuts
     D:3: 3611 daAuts
  Tomb:1: 2431 daAuts
Vaults:5: 2036 daAuts
   Zot:4: 1755 daAuts
 Crypt:3: 1748 daAuts
     D:8: 1731 daAuts
     D:2: 1663 daAuts
